 Dungeon Crawl Stone Soup version 0.31-a0-1002-g8e65716e6e (webtiles) character file.

Game seed: 17041150688196192772

1593577 EnegeticOcto the Zephyrmancer (level 24, 167/167 HPs)
             Began as a Felid Chaos Knight on Nov 9, 2023.
             Was a Favourite Plaything of Xom.
             Escaped with the Orb
             ... and 3 runes!
             The game lasted 03:21:12 (70294 turns).

EnegeticOcto the Zephyrmancer (Felid Chaos Knight) Turns: 70294, Time: 03:21:13

Health: 167/167    AC: 25    Str: 12      XL:     24   Next: 50%
Magic:  38/38      EV: 43    Int: 13 (14) God:    Xom [...*..]
Gold:   3801       SH:  0    Dex: 37      Spells: 14/52 levels left
                                        Lives:  2   Deaths: 5

rFire   + .          .
                       - Unarmed
rCold   + + .        (shield unavailable)
rNeg    + . .        (body armour unavailable)
rPois   ∞            (helmet unavailable)
rElec   +            (cloak unavailable)
rCorr   .            (gloves unavailable)
SInv    +            (boots unavailable)
Will    ++++.        f - amulet of regeneration
Stlth   +++          Y - ring "Omeiwkad" {Wiz rC- Str+5 Dex+5}
HPRegen 1.27/turn    X - ring "Uttoudeq" {Wiz Drain rF+ rC++ Dex+3}
MPRegen 0.26/turn

%: wizardry (x2)
@: statue-form, studying 3 skills, very slow
A: slow and powerful, torment resistance 1, boosted hp, very small, claws 1,
fangs 3, see invisible, (speed 1), (shaggy fur 3), stealthy paws, no weapons or
thrown items, no armour, multi-lived, antennae 2, agile 1, cold resistance 1,
deterioration 1, low MP 1, strong-willed 1, robust 3, wild magic 2
0: Orb of Zot
}: 3/15 runes: serpentine, barnacled, silver
a: Begin Untransformation, Renounce Religion


You escaped.
You worshipped Xom.
You were a favourite toy of Xom.
You were a living statue of rough stone.
You visited 9 branches of the dungeon, and saw 47 of its levels.
You visited 1 bazaar.
You also visited: Trove.

You collected 7552 gold pieces.
You spent 3751 gold pieces at shops.

Inventory:

Jewellery
 f - an amulet of regeneration (around neck)
   (You bought it in a shop on level 2 of the Orcish Mines)
 l - the ring of Mivez {rPois rCorr Int+3}
   (You found it in a treasure trove)

   [ring of resist corrosion]

   Int+3:     It affects your intelligence (+3).
   rPois:     It protects you from poison rCorr: It protects you from acid and
   corrosion.
 q - the ring of Cyasch {rF+ Str+6 SInv}
   (You found it in a treasure trove)

   [ring of strength]

   Str+6:     It affects your strength (+6).
   rF+:       It protects you from fire.
   SInv:      It lets you see invisible.
 v - the ring of Mame {rPois rF+ rCorr EV+5 Str-4}
   (You found it on level 5 of the Vaults)

   [ring of evasion]

   EV+5:      It affects your evasion (+5).
   Str-4:     It affects your strength (-4).
   rF+:       It protects you from fire.
   rPois:     It protects you from poison rCorr: It protects you from acid and
   corrosion.
 x - a ring of flight
   (You found it on level 9 of the Dungeon)
 C - the amulet of Ecraz {RegenMP Rampage rPois Slay+2}
   (You acquired it on level 1 of the Lair of Beasts)

   [amulet of magic regeneration]

   RegenMP:   It increases your rate of magic regeneration.
   Slay+2:    It affects your accuracy & damage with ranged weapons and melee
   (+2).
   rPois:     It protects you from poison Rampage: It bestows one free step when
   moving towards enemies.
 H - a ring of protection from cold
   (You found it on level 4 of the Lair of Beasts)
 J - a ring of willpower
   (You found it on level 9 of the Dungeon)
 Q - the ring "Ihophe" {rElec rF+ Dex+3}
   (You bought it in a shop in a bazaar)

   [ring of protection from fire]

   Dex+3:     It affects your dexterity (+3).
   rF+:       It protects you from fire.
   rElec:     It insulates you from electricity.
 X - the ring "Uttoudeq" (right paw) {Wiz Drain rF+ rC++ Dex+3}
   (You took it off a deep elf annihilator on level 3 of the Elven Halls)

   [ring of wizardry]

   Wiz:       It improves your spell success rate.
   Dex+3:     It affects your dexterity (+3).
   rF+:       It protects you from fire.
   rC++:      It greatly protects you from cold.
   Drain:     It drains your maximum health when unequipped.
 Y - the ring "Omeiwkad" (left paw) {Wiz rC- Str+5 Dex+5}
   (You bought it in a shop in a bazaar)

   [ring of wizardry]

   Wiz:       It improves your spell success rate.
   Str+5:     It affects your strength (+5).
   Dex+5:     It affects your dexterity (+5).
   rC-:       It makes you vulnerable to cold.
Talismans
 o - a granite talisman (active)
   (You took it off Roxanne on level 1 of the Elven Halls)
Wands
 r - a wand of iceblast (39) {@v2}
   (You took it off Pikel on level 4 of the Dungeon)
 w - a wand of polymorph (20)
   (You found it on level 9 of the Dungeon)
 y - a wand of mindburst (52)
   (You found it on level 9 of the Dungeon)
 A - a wand of paralysis (24)
   (You found it on level 1 of the Lair of Beasts)
 I - a wand of digging (2) {@v3}
   (You found it on level 5 of the Lair of Beasts)
 T - a wand of flame (95) {@v4}
   (You found it on level 12 of the Dungeon)
 Z - a wand of light (20) {@v1}
   (You found it on level 2 of the Vaults)
Scrolls
 a - 9 scrolls of butterflies
 h - 5 scrolls of poison
 i - 10 scrolls of fog {!r}
 j - 10 scrolls of amnesia
 k - 5 scrolls of vulnerability
 m - 4 scrolls of blinking {@r4}
 n - a scroll of silence {!r}
 s - 8 scrolls of fear {!r}
 u - a scroll of torment
 B - 8 scrolls of immolation
 E - 11 scrolls of teleportation {@r3 !r}
 O - 3 scrolls of revelation {@r5 !r}
Potions
 b - 6 potions of attraction
 c - 5 potions of magic
 d - 9 potions of curing {@q1 !q}
 e - 6 potions of mutation
 g - 2 potions of haste {@q4 !q}
 p - 8 potions of heal wounds {@q2 !q}
 t - 3 potions of berserk rage
 z - 5 potions of resistance
 D - a potion of experience
 F - 4 potions of cancellation
 G - 4 potions of lignification {@q6}
 P - a potion of invisibility
 R - 6 potions of ambrosia
 S - 2 potions of enlightenment
 U - 6 potions of brilliance
 W - a potion of might {@q3 !q}
Miscellaneous
 K - a box of beasts
   (You found it on level 9 of the Dungeon)
 L - a phantom mirror
   (You found it on level 9 of the Dungeon)
 M - a condenser vane (inert)
   (You found it on level 9 of the Dungeon)
 N - a phial of floods
   (You found it on level 9 of the Dungeon)
 V - a lightning rod (4/4)
   (You found it on level 4 of the Snake Pit)


   Skills:
 - Level 14.9 Fighting
 - Level 14.9 Dodging
 - Level 14.9 Stealth
 - Level 14.9 Unarmed Combat
 - Level 14.9 Spellcasting
 - Level 14.9 Conjurations
 - Level 14.9 Hexes
 - Level 14.9 Summonings
 - Level 14.9 Translocations
 + Level 13.1 Ice Magic
 - Level 14.9 Air Magic
 - Level 14.9 Evocations
 - Level 14.9 Shapeshifting


You had 14 spell levels left.
You knew the following spells:

 Your Spells              Type           Power      Damage    Failure   Level
a - Vhi's Electric Charg  Tloc/Air       100%       N/A       1%          4
b - Arcjolt               Conj/Air       33%        1d43      1%          5
c - Freezing Cloud        Conj/Ice/Air   33%        6-21      1%          5
d - Fulminant Prism       Conj/Hex       33%        3d15      1%          4
e - Cause Fear            Hex            33%        N/A       1%          4
f - Searing Ray           Conj           100%       2d8       1%          2
g - Hailstorm             Conj/Ice       65%        3d14      1%          3
h - Magic Dart            Conj           100%       1d8       1%          1
i - Apportation           Tloc           100%       N/A       1%          1
j - Silence               Hex/Air        33%        N/A       1%          5
k - Lesser Beckoning      Tloc           100%       N/A       1%          2
Y - Blink                 Tloc           100%       N/A       1%          2

Your spell library contained the following spells:

 Spells                   Type           Power      Damage    Failure   Level
 Foxfire                  Conj/Fire      100%       2x1d9     1%          1
 Freeze                   Ice            100%       1d10      1%          1
 Shock                    Conj/Air       100%       1d9       1%          1
 Summon Small Mammal      Summ           100%       N/A       1%          1
 Call Imp                 Summ           100%       N/A       1%          2
 Cigotuvi's Dreadful Rot  Necr/Pois/Air  72%        N/A       1%          2
 Ensorcelled Hibernation  Hex/Ice        100%       N/A       1%          2
 Jinxbite                 Hex            100%       N/A       1%          2
 Momentum Strike          Conj/Tloc      100%       3d10      1%          2
 Static Discharge         Conj/Air       100%       3-8/arc   1%          2
 Call Canine Familiar     Summ           67%        N/A       1%          3
 Dazzling Flash           Conj/Hex       100%       N/A       1%          3
 Frozen Ramparts          Ice            100%       1d16      1%          3
 Gell's Gravitas          Tloc           67%        N/A       1%          3
 Inner Flame              Hex/Fire       46%        N/A       1%          3
 Mephitic Cloud           Conj/Pois/Air  54%        N/A       1%          3
 Sigil of Binding         Hex            67%        N/A       1%          3
 Summon Guardian Golem    Hex/Summ       67%        N/A       1%          3
 Swiftness                Air            67%        N/A       1%          3
 Teleport Other           Tloc           67%        N/A       1%          3
 Volatile Blastmotes      Fire/Tloc      92%        2d17      1%          3
 Airstrike                Air            33%        2d(5-21)  1%          4
 Summon Forest            Summ/Tloc      33%        N/A       1%          5
 Summon Cactus Giant      Summ           33%        N/A       1%          6
 Anguish                  Hex/Necr       23%        N/A       2%          4
 Flame Wave               Conj/Fire      46%        2d12      2%          4
 Leda's Liquefaction      Hex/Erth       23%        N/A       2%          4
 Sticky Flame             Conj/Fire      46%        2d6       2%          4
 Necrotise                Necr           60%        1d7       4%          1
 Fireball                 Conj/Fire      23%        3d11      5%          5
 Scorch                   Fire           30%        2d6       6%          2
 Enfeeble                 Hex            33%        N/A       7%          7
 Malign Gateway           Summ/Tloc      33%        N/A       7%          7
 Summon Hydra             Summ           33%        N/A       7%          7
 Ignite Poison            Fire/Tmut/Pois 15%        N/A       11%         3
 Vampiric Draining        Necr           15%        2d7       11%         3
 Plasma Beam              Fire/Air       23%        2x1d35    21%         6
 Starburst                Conj/Fire      23%        6d8       21%         6
 Dispel Undead            Necr           15%        3d10      28%         4
 Olgreb's Toxic Radiance  Pois           15%        N/A       28%         4
 Discord                  Hex            33%        N/A       36%         8
 Maxwell's Capacitive Co  Air            33%        ∞         36%         8
 Summon Horrible Things   Summ           33%        N/A       36%         8
 Agony                    Necr           15%        N/A       54%         5
 Death Channel            Necr           7%         N/A       96%         6
 Eringya's Noxious Bog    Tmut/Pois      7%         4d6       96%         6
 Dragon's Call            Summ           33%        N/A       98%         9
 Ignition                 Fire           7%         3d5       100%        8
 Dimensional Bullseye     Hex/Tloc       Unusable   N/A       N/A         4
 Animate Armour           Summ/Erth      Unusable   N/A       N/A         4

Dungeon Overview and Level Annotations

Branches:
Dungeon (15/15)            Temple (0/1) D:5            Lair (5/5) D:9
 Shoals (4/4) Lair:2        Snake (4/4) Lair:2        Slime (0/5) Lair:4
    Orc (2/2) D:9             Elf (3/3) Orc:2        Vaults (5/5) D:13
  Crypt (0/3) Vaults:2     Depths (4/4) D:15            Zot (5/5) Depths:4

Altars:
Cheibriados
Elyvilon
Fedhas
Gozag
Kikubaaqudgha
Makhleb
Nemelex Xobeh
Okawaru
Ru
Sif Muna
Vehumet
Wu Jian
Xom
Zin
The Shining One
Jiyva

Shops:
D:3 (   D:4 (   D:6 (   Orc:2 =*[(   Elf:1 ?   Elf:3 =   Shoals:1 [(**
Snake:1 =:=   Snake:2 ?   Snake:3 =[([   Vaults:2 [*   Vaults:3 ?   Depths:2 :[

Portals:
Hell: Depths:1 Depths:2 Depths:3 Depths:4
Abyss: Depths:3 Depths:4
Pandemonium: Depths:2
Ziggurat: Depths:3

Annotations:
D:2 1 runed translucent door, Crazy Yiuf
Vaults:1 exclusion: skyshark, Norris
Zot:5 exclusion: obsidian statue


Innate Abilities, Weirdness & Mutations

You are a living statue of rough stone.
Your actions are slow, but your melee attacks are powerful.
You are resistant to unholy torment.
Your maximum health is increased.
You are immune to poison.
You have sharp claws.
You have razor-sharp teeth.
You have supernaturally acute eyesight. (SInv)
((You cover ground quickly. (Speed+)))
((Your thick and shaggy fur keeps you warm. (AC +3, rC+)))
Your paws help you pounce on unaware monsters.
You are incapable of wielding weapons or throwing items.
You cannot wear armour.
You gain extra lives every three experience levels.
You have a pair of antennae on your head.
You are agile. (Dex +4, Str/Int -1)
Your flesh is cold resistant. (rC+)
Your body sometimes deteriorates upon taking damage.
Your magical capacity is low. (-10% MP)
You are strong-willed. (Will+)
You are extremely robust. (+30% HP)
Your spells are harder to cast, but more powerful.


Message History

The Orb Guardian attacks as it pursues you!
The Orb Guardian hits you! The Orb Guardian hits you!!
You mangle the Orb Guardian!!
The Orb Guardian is moderately wounded.
The Orb Guardian completely misses you. x2
You scratch the Orb Guardian but do no damage.
You claw the Orb Guardian!
The Orb Guardian is heavily wounded.
The Orb Guardian misses you.
You barely miss the Orb Guardian.
The Orb Guardian is heavily wounded.
The Orb Guardian completely misses you. The Orb Guardian misses you.
You eviscerate the Orb Guardian!!! Your claw misses the Orb Guardian.
The Orb Guardian is almost dead.
The Orb Guardian hits you but does no damage.
You eviscerate the Orb Guardian!!!
You kill the Orb Guardian!
No target in view!
(D) Dungeon (T) Temple (L) Lair (A) Shoals (P) Snake Pit (M) Slime Pits (O) Orcish Mines (E) Elven Halls (V) Vaults (C) Crypt (U) Depths (H) Hell (Z) Zot
Where to? (Tab/Enter - D:1 @ (x,y), ? - help)
An angel comes into view. It is wielding a +1 whip of holy wrath.
Unknown command.
Unknown command.
Unknown command.
The angel hits you with a +1 whip of holy wrath!
The angel misses you.
The angel hits you with a +1 whip of holy wrath!
Your body deteriorates!
You feel dopey. The angel misses you.
You completely miss the angel. The angel barely misses you.
The angel hits you with a +1 whip of holy wrath.
You mangle the angel!! Your claw misses the angel.
The angel is moderately wounded.
The angel completely misses you. x2; The angel misses you.
The angel hits you but does no damage.
You completely miss the angel. Your claw misses the angel.
The angel is moderately wounded.
The angel closely misses you.
The angel hits you but does no damage. x2
The angel completely misses you.
You mangle the angel!! Your claw misses the angel. Your bite misses the angel.
The angel is heavily wounded.
The angel gestures.
The angel is healed somewhat.
The angel closely misses you. x2
The angel attacks as it pursues you! The angel completely misses you. x2
The angel barely misses you. The angel hits you but does no damage.
The angel hits you but does no damage. The angel completely misses you.
The angel hits you but does no damage. x2
The angel attacks as it pursues you! The angel completely misses you. x3
The angel barely misses you.
There is a stone staircase leading up here.
The angel misses you. The angel hits you but does no damage.
The angel completely misses you. The angel hits you but does no damage.
You climb upwards.
Level annotation: 1 runed translucent door, Crazy Yiuf
There is a stone staircase leading down here.
You scratch the angel but do no damage.
The angel is heavily wounded.
The angel completely misses you. The angel barely misses you.
The angel completely misses you. The angel closely misses you.
You claw the angel! Your claw misses the angel.
The angel is heavily wounded.
The angel gestures.
The angel is healed somewhat.
You closely miss the angel. You bite the angel, but do no damage.
The angel is heavily wounded.
The angel hits you but does no damage. The angel completely misses you. x3
You mangle the angel!! Your bite misses the angel.
The angel is severely wounded.
The angel gestures.
The angel is healed somewhat.
You mangle the angel!! Your bite misses the angel.
The angel is almost dead.
The angel hits you with a +1 whip of holy wrath.
The angel completely misses you. x2; The angel hits you but does no damage.
You closely miss the angel. Your bite misses the angel.
The angel is almost dead.
The angel completely misses you. x2; The angel hits you but does no damage.
The angel hits you with a +1 whip of holy wrath.
You eviscerate the angel!!!
You kill the angel!
(D) Dungeon (T) Temple (L) Lair (A) Shoals (P) Snake Pit (M) Slime Pits (O) Orcish Mines (E) Elven Halls (V) Vaults (C) Crypt (U) Depths (H) Hell (Z) Zot
Where to? (Tab/Enter - D:1 @ (x,y), ? - help)
Things that are here:
a +0 robe; a +1 whip of holy wrath HP restored.
There is an escape hatch in the ceiling here.
There is a stone staircase leading up here.
You climb upwards.
There is a stone staircase leading down here.
There is a staircase leading out of the dungeon here.
Unknown command.
Unknown command.
You have escaped!

.............................#.##
.............................#.##
######...####.####..######...#.##
###...## #.# #..# #...#.##
#......# #.# #..# #...#.##
#......###.####..#### #...#.##
####..........#........# #...#...
.......................###...#.##
####......#####.8............#.##
#..##### #........###...#.## #..#
###..##### #...#.##
####..###########..#######...#.##
.............................#.##
.....[.......................#.##
#############.################...
................................>
####################....#....####


There were no monsters in sight!

Vanquished Creatures
  An ancient lich (Vaults:5)
  Sojobo (Vaults:3)
  A curse toe (Zot:2)
  the Enchantress (Depths:2)
  3 golden dragons
  2 tentacled monstrosities (Zot:3)
  2 liches
  2 Hell Sentinels
  Mlioglotl (Snake:3)
  2 titans (Vaults:5)
  8 Orb Guardians
  4 deep elf master archers (Elf:3)
  4 quicksilver dragons
  3 deep elf blademasters
  3 death cobs
  Gastronok (Orc:1)
  An ancient champion (Vaults:2)
  8 sphinxes
  An Executioner (D:10)
  Kirke (Elf:1)
  Frances (Elf:1)
  5 shadow dragons
  4 tengu reavers
  4 storm dragons
  Aizul (Snake:3)
  Ilsuiw (Shoals:3)
  Roxanne (Elf:1)
  5 fire giants
  A draconian knight (Depths:4)
  4 nagarajas
  2 draconian monks
  12 frost giants
  2 draconian scorchers
  2 iron dragons (Vaults:5)
  5 deep elf sorcerers (Elf:3)
  A ghost moth (Zot:4)
  15 vault wardens
  A balrug (Depths:2)
  2 draconian shifters (Zot:3)
  2 deep elf elementalists (Elf:3)
  6 draconian stormcallers
  A demonspawn blood saint (Zot:4)
  An angel (D:2)
  17 ironbound preservers
  3 orc warlords
  24 very ugly things
  2 war gargoyles (Vaults:5)
  5 draconian annihilators
  A quicksilver ooze (Zot:2)
  10 stone giants
  5 formless jellyfish
  5 spriggan defenders
  7 ironbound thunderhulks
  A vampire knight (Depths:3)
  4 deep elf demonologists
  Azrael (D:12)
  2 deep elf annihilators
  A green draconian (Zot:1)
  2 black draconians
  3 dire elephants (Vaults:2)
  5 yellow draconians
  A purple draconian (Zot:5)
  7 red draconians
  Snorg (D:12)
  3 white draconians
  3 crystal guardians
  A blizzard demon (Zot:4)
  2 fire dragons
  8 ettins
  7 merfolk javelineers
  6 merfolk impalers
  6 deep elf death magi
  5 great orbs of eyes
  A mummy priest (Elf:3)
  15 yaktaur captains
  A green death (Depths:2)
  Josephine (D:10)
  36 vault guards
  8 deep elf high priests
  6 salamander tyrants
  2 rakshasas
  Harold (Orc:1)
  A catoblepas (Lair:5)
  6 ice dragons
  9 spriggan air magi
  3 ogre magi
  3 peacekeepers
  13 ironbound frosthearts
  A hell beast (Depths:1)
  5 merfolk aquamancers
  7 hydras
  6 boulder beetles
  An alligator snapping turtle (Shoals:3)
  33 dancing weapons
  5 merfolk avatars
  9 two-headed ogres
  9 tengu warriors
  22 centaur warriors
  16 naga warriors
  10 anacondas
  Erica (D:8)
  7 hell hogs
  7 deep troll shamans
  A sphinx skeleton (Vaults:3)
  15 death yaks
  6 hell knights
  10 naga sharpshooters
  5 shock serpents
  8 spriggan berserkers
  11 deep troll earth magi
  6 orc high priests
  3 sun demons (Depths:1)
  4 occultists
  10 deep elf knights
  3 soul eaters (Depths:1)
  8 salamander mystics
  4 skysharks
  11 skeletal warriors
  Amaemon (D:11)
  2 sixfirhies
  14 iron trolls
  Lodul (D:10)
  A golden dragon zombie (Depths:1)
  A sea snake (shapeshifter) (Vaults:1)
  8 sea snakes
  61 deep trolls
  4 glowing orange brains
  2 shadow demons (Elf:3)
  A swamp dragon (D:15)
  A glowing orange brain (shapeshifter) (D:15)
  5 naga ritualists
  Pikel (D:4)
  An arcanist (Vaults:4)
  16 ironbound convokers
  22 deep elf zephyrmancers
  6 necromancers
  4 phantasmal warriors (Vaults:5)
  8 lindwurms
  3 spriggan simulacra (Shoals:4)
  6 deep elf archers
  2 tengu skeletons
  19 fauns
  10 mana vipers
  22 harpies
  16 orc knights
  An oklob plant (Lair:5)
  23 deep elf pyromancers
  30 ugly things
  6 cyclopes
  7 orc sorcerers
  A shining eye (shapeshifter) (Depths:1)
  10 moths of wrath
  26 salamanders
  Joseph (D:10)
  14 manticores
  A manticore (shapeshifter) (Vaults:5)
  31 black mambas
  A centaur zombie (D:15)
  Maurice (D:9)
  12 merfolk sirens
  A rust devil (D:6)
  18 elephants
  3 human skeletons (Vaults:2)
  7 guardian serpents
  A torpor snail (Lair:3)
  An orange demon (D:11)
  A gargoyle (D:12)
  6 smoke demons
  9 water nymphs
  An eye of devastation (Lair:5)
  20 vault sentinels
  13 naga magi
  2 centaur skeletons (D:15)
  A cane toad (shapeshifter) (Vaults:5)
  3 rime drakes
  5 cane toads
  23 yaktaurs
  A hellion (Depths:4)
  3 unseen horrors
  3 kobold demonologists
  2 ice devils
  3 tengu conjurers
  7 komodo dragons
  A komodo dragon (shapeshifter) (Vaults:5)
  2 yaktaur skeletons (Vaults:2)
  A red devil (Depths:3)
  A freezing wraith (Vaults:5)
  7 trolls
  25 merfolk
  An alligator simulacrum (Shoals:4)
  8 polar bears
  A queen bee (Lair:3)
  Grinder (D:5)
  A wolf spider simulacrum (D:15)
  15 hornets
  5 wind drakes
  2 spriggan zombies (Depths:1)
  5 dream sheep (Lair:5)
  3 blink frogs (Lair:4)
  10 snapping turtles
  A fire giant simulacrum (Vaults:3)
  58 slime creatures
  An ettin skeleton (Vaults:2)
  10 spriggans
  A ynoxinul (D:15)
  4 wyverns
  3 shadows (D:10)
  4 air elementals
  2 culicivoras
  22 water elementals
  2 vampires
  71 yaks
  6 hogs (Elf:1)
  An unseen horror simulacrum (D:9)
  10 basilisks
  10 wraiths
  Eustachio (D:6)
  7 fire elementals
  A human (shapeshifter) (D:13)
  3 steam dragons
  Grum (D:11)
  20 vampire mosquitoes
  A minotaur simulacrum (Shoals:4)
  An elf skeleton (Vaults:2)
  A human zombie (Depths:1)
  2 harpy simulacra (Shoals:4)
  35 nagas
  6 acid dragons
  5 wargs (Orc:1)
  2 hell hounds (D:12)
  12 water moccasins
  3 glowing shapeshifter skeletons
  62 orc warriors
  4 ice beasts
  7 black bears
  6 boggarts
  11 ogres
  28 wolves
  An elf simulacrum (Vaults:3)
  A lemure (D:4)
  31 centaurs
  A phantom (D:6)
  4 kobold brigands (D:9)
  17 bullfrogs
  3 earth elementals
  A gnoll sergeant (D:8)
  3 scorpions (D:6)
  5 wights
  A hornet simulacrum (D:15)
  A tengu zombie (Depths:1)
  34 killer bees
  A lindwurm simulacrum (Shoals:4)
  9 howler monkeys
  2 electric eels
  A jelly (shapeshifter) (Lair:1)
  27 orc priests
  3 hounds
  2 jellies
  Jessica (D:2)
  5 iguanas
  30 orc wizards
  5 hell rats (Lair:4)
  2 centaur simulacra
  10 gnolls (D:8)
  10 adders
  3 shadow imps
  2 white imps (D:6)
  4 ufetubi
  A worm (D:2)
  10 dart slugs
  104 orcs
  5 endoplasms
  6 giant cockroaches
  4 goblins
  5 hobgoblins
  2 jackals (D:1)
  2 quokkas
  6 ball pythons
  8 bats
  4 frilled lizards
  9 kobolds
  25 rats
  A fulminant prism (D:8)
2090 creatures vanquished.

Vanquished Creatures (collateral kills)
  Bai Suzhen (Shoals:4)
  Nikola (Shoals:2)
  A tentacled monstrosity (Vaults:5)
  Zenata (Elf:1)
  A bunyip (D:13)
  A merfolk javelineer (Shoals:4)
  A death yak (Lair:5)
  A spriggan (Depths:1)
  A deep elf pyromancer (Elf:1)
  3 manticores (Shoals:4)
  A faun (Shoals:2)
  A water nymph (Shoals:4)
  A merfolk (Shoals:4)
  A hornet (Depths:1)
  A snapping turtle (Shoals:4)
  A dream sheep (Lair:5)
  2 shadows (D:10)
  An orc warrior (Orc:2)
  6 ogres (D:10)
  An ettin simulacrum (Depths:1)
28 creatures vanquished.

Vanquished Creatures (others)
  A tentacled monstrosity (Zot:3)
  A draconian stormcaller (Zot:3)
  A very ugly thing (Depths:3)
  An ironbound thunderhulk (Vaults:2)
  A deep elf death mage (Elf:3)
  A fire dragon (Depths:1)
  A yaktaur captain (Vaults:5)
  A deep elf high priest (Vaults:5)
  2 dancing weapons
  A death yak (Lair:5)
  An unseen horror (D:13)
  A wind drake (Shoals:2)
  A dream sheep (Lair:5)
  A water elemental (Shoals:2)
  A water moccasin (Lair:5)
  150 fulminant prisms
  2 starspawn tentacles (Snake:3)
168 creatures vanquished.

Grand Total: 2286 creatures vanquished

Notes
Turn   | Place    | Note
-------+----------+-------------------------------------------
     0 | D:1      | EnegeticOcto the Felid Chaos Knight began the quest for the
                  | Orb.
     0 | D:1      | Reached XP level 1. HP: 10/10 MP: 2/2
    81 | D:1      | XOM: silly message
   113 | D:1      | Reached skill level 1 in Stealth
   364 | D:1      | Reached skill level 2 in Stealth
   375 | D:1      | XOM: divination: detect items
   398 | D:1      | Reached XP level 2. HP: 13/14 MP: 3/3
   413 | D:1      | XOM: divination: magic mapping
   839 | D:1      | Reached skill level 3 in Stealth
   990 | D:1      | XOM: silly message
  1186 | D:2      | Noticed Jessica
  1211 | D:2      | XOM is BORED!
  1211 | D:2      | XOM: noise
  1360 | D:2      | XOM: butterfly on damage
  1364 | D:2      | Reached XP level 3. HP: 14/17 MP: 4/4
  1450 | D:2      | Found a runed translucent door.
  1479 | D:2      | XOM: 2-stop teleportation journey
  1565 | D:2      | Reached skill level 4 in Dodging
  1599 | D:2      | Reached XP level 4. HP: 21/21 MP: 5/5
  1745 | D:2      | XOM is BORED!
  1785 | D:2      | XOM: silly message
  2020 | D:3      | Found an ornate altar of the Wu Jian Council.
  2020 | D:3      | XOM: 1-stop teleportation journey
  2044 | D:3      | Reached skill level 4 in Unarmed Combat
  2349 | D:3      | Found Heurin's Weapon Shop.
  2363 | D:3      | XOM: noise
  2430 | D:3      | XOM: 6-stop teleportation journey
  2432 | D:3      | Reached skill level 5 in Unarmed Combat
  2432 | D:3      | Reached XP level 5. HP: 24/24 MP: 6/6
  2906 | D:3      | XOM: chaos upgrade
  2912 | D:3      | XOM: chaos upgrade
  3145 | D:4      | Found a sacrificial altar of Ru.
  3153 | D:4      | XOM: god gift: sedimented green potion {god gift}
  3244 | D:4      | Learned a level 1 spell: Magic Dart
  3350 | D:4      | Reached skill level 4 in Stealth
  3350 | D:4      | Gained mutation: You are covered in thick fur. (AC +2)
                  | [Felid growth]
  3350 | D:4      | Reached XP level 6. HP: 28/28 MP: 7/7
  3532 | D:4      | Found Zilal's Weapon Shoppe.
  3618 | D:4      | Noticed an ice beast
  3773 | D:4      | XOM: give mutations
  3773 | D:4      | Gained mutation: You occasionally lose the ability to read
                  | scrolls when taking damage. [Xom's mischief]
  3773 | D:4      | Gained mutation: You expend magic power (3 MP) to
                  | strengthen your wands. [Xom's mischief]
  3773 | D:4      | Gained mutation: You have an increased reservoir of magic.
                  | (+10% MP) [Xom's mischief]
  3773 | D:4      | Gained mutation: Your flesh is heat resistant. (rF+) [Xom's
                  | mischief]
  3791 | D:4      | XOM: stat loss: -1 Str (7/8)
  3987 | D:4      | Learned a level 2 spell: Searing Ray
  4014 | D:5      | Entered Level 5 of the Dungeon
  4057 | D:5      | Found a blossoming altar of Fedhas.
  4176 | D:5      | Noticed an ice beast
  4177 | D:5      | XOM: give mutation
  4177 | D:5      | Gained mutation: Your mind is acute. (Int +4, Str/Dex -1)
                  | [Xom's mischief]
  4296 | D:5      | XOM is BORED!
  4296 | D:5      | XOM: torment (15/28 hp)
  4367 | D:5      | Found a staircase to the Ecumenical Temple.
  4398 | D:5      | Found a burning altar of Makhleb.
  4415 | D:5      | Noticed Grinder
  4415 | D:5      | Paralysed by Grinder for 5 turns
  4570 | D:6      | Reached skill level 1 in Spellcasting
  4570 | D:6      | Reached skill level 1 in Conjurations
  4593 | D:6      | Noticed Eustachio
  4601 | D:6      | Found an iron altar of Okawaru.
  4722 | D:6      | XOM: fog
  4822 | D:6      | Reached skill level 4 in Fighting
  4822 | D:6      | Reached skill level 5 in Stealth
  4822 | D:6      | Reached XP level 7. HP: 17/32 MP: 3/11
  4925 | D:6      | Reached skill level 2 in Conjurations
  5210 | D:5      | Reached skill level 2 in Spellcasting
  5365 | D:5      | XOM: give mutations
  5365 | D:5      | Lost mutation: You occasionally lose the ability to read
                  | scrolls when taking damage. [Xom's mischief]
  5365 | D:5      | Gained mutation: Your body sometimes deteriorates upon
                  | taking damage. [Xom's mischief]
  5383 | D:5      | Reached skill level 3 in Conjurations
  5613 | D:5      | XOM: summons 1 hostile demon
  5803 | D:5      | XOM: noise
  6017 | D:4      | Reached skill level 4 in Conjurations
  6128 | D:4      | Noticed Pikel
  6137 | D:4      | Killed Pikel
  6138 | D:4      | Reached skill level 5 in Conjurations
  6138 | D:4      | Reached skill level 5 in Dodging
  6138 | D:4      | Reached skill level 3 in Spellcasting
  6138 | D:4      | Reached XP level 8. HP: 9/36 MP: 1/14
  6319 | D:4      | XOM: potion effect (magic)
  6330 | D:4      | Learned a level 4 spell: Fulminant Prism
  6596 | D:2      | Killed Jessica
  6650 | D:2      | Noticed Crazy Yiuf
  6785 | D:6      | Reached skill level 6 in Dodging
  6785 | D:6      | Reached skill level 2 in Hexes
  6891 | D:5      | Killed Grinder
  6892 | D:5      | Reached skill level 6 in Conjurations
  6892 | D:5      | Reached skill level 3 in Hexes
  7522 | D:6      | Reached XP level 9. HP: 39/39 MP: 10/17
  7548 | D:6      | XOM: divination: magic mapping
  7553 | D:6      | Reached skill level 7 in Dodging
  7553 | D:6      | Reached skill level 4 in Spellcasting
  7675 | D:6      | Found a shimmering altar of Xom.
  7773 | D:6      | Found Ciadwaent's Antique Weapon Boutique.
  7833 | D:6      | Reached skill level 4 in Hexes
  7835 | D:6      | XOM: divination: detect creatures
  8016 | D:6      | XOM: give mutations
  8016 | D:6      | Gained mutation: You occasionally lose the ability to drink
                  | potions when taking damage. [Xom's mischief]
  8016 | D:6      | Lost mutation: You expend magic power (3 MP) to strengthen
                  | your wands. [Xom's mischief]
  8016 | D:6      | Lost mutation: You have an increased reservoir of magic.
                  | (+10% MP) [Xom's mischief]
  8016 | D:6      | Gained mutation: You occasionally lose the ability to read
                  | scrolls when taking damage. [Xom's mischief]
  8065 | D:6      | XOM: stat loss: -1 Dex (18/19)
  8173 | D:6      | Killed Eustachio
  8362 | D:7      | Reached skill level 5 in Hexes
  8476 | D:7      | XOM: scenery: create altars
  8666 | D:7      | XOM: god gift: +0 sling of chaos
  8709 | D:7      | XOM: fog
  8870 | D:7      | Reached skill level 8 in Dodging
  8881 | D:7      | XOM: god gift: short sword {god gift}
  8951 | D:7      | XOM: give mutation
  8951 | D:7      | Gained mutation: Your spells are a little harder to cast,
                  | but a little more powerful. [Xom's grace]
  9598 | D:7      | Reached skill level 6 in Hexes
  9610 | D:7      | Reached skill level 5 in Spellcasting
  9610 | D:7      | Reached skill level 7 in Conjurations
  9806 | D:8      | Noticed a troll
  9806 | D:8      | XOM: 3-stop teleportation journey
  9808 | D:8      | Noticed a two-headed ogre
  9910 | D:7      | XOM: god gift: 41 gold pieces
 10281 | D:8      | XOM: scenery: create altars
 10376 | D:8      | Reached skill level 1 in Evocations
 10391 | D:8      | XOM: summons friendly iron imp
 10508 | D:8      | XOM: god gift: 3 boomerangs
 10548 | D:8      | Noticed Erica
 10552 | D:8      | XOM: confusion (+ monsters)
 10555 | D:8      | Killed Erica
 10556 | D:8      | Reached skill level 7 in Hexes
 10556 | D:8      | Reached skill level 2 in Evocations
 10556 | D:8      | Reached XP level 10. HP: 43/43 MP: 14/19
 10577 | D:8      | XOM: silly message
 10631 | D:8      | XOM: noise
 10667 | D:8      | Found a shimmering blue altar of Sif Muna.
 10723 | D:8      | Found a glowing golden altar of the Shining One.
 10820 | D:8      | XOM: give mutations
 10820 | D:8      | Gained mutation: Your magical capacity is low. (-10% MP)
                  | [Xom's mischief]
 10820 | D:8      | Gained mutation: Your magical capacity is very low. (-20%
                  | MP) [Xom's mischief]
 10820 | D:8      | Gained mutation: You passively dampen the noise of your
                  | surroundings. [Xom's mischief]
 10891 | D:8      | XOM: blink monster(s)
 10910 | D:8      | XOM: chaos upgrade
 10912 | D:8      | XOM: confusion
 10917 | D:8      | XOM: draining
 10918 | D:8      | Mangled by a two-headed ogre
 10945 | D:8      | XOM: give mutations
 10945 | D:8      | Gained mutation: You expend magic power (3 MP) to
                  | strengthen your wands. [Xom's mischief]
 10945 | D:8      | Gained mutation: You are somewhat resistant to further
                  | mutation. [Xom's mischief]
 11011 | D:7      | XOM: cloud trail
 11021 | D:7      | XOM: god gift: 44 gold pieces
 11453 | D:8      | XOM: silly message
 11615 | D:8      | XOM: fog
 11629 | D:8      | Reached skill level 5 in Fighting
 11629 | D:8      | Reached skill level 3 in Evocations
 11785 | D:8      | Reached skill level 8 in Hexes
 11960 | D:8      | XOM: summons friendly crimson imp
 11982 | D:8      | Reached skill level 6 in Spellcasting
 12145 | D:8      | Found an ancient bone altar of Kikubaaqudgha.
 12145 | D:8      | Found a snail-covered altar of Cheibriados.
 12249 | D:8      | Identified the "Iguysh" (Xom gifted it to you on level 8
                  | of the Dungeon)
 12249 | D:8      | XOM: god gift: Xom's Atlas of the Land of Plenty
 12268 | D:8      | XOM: stat loss: -1 Int (17/18)
 12269 | D:8      | XOM: summons 1 hostile demon
 12290 | D:8      | XOM: fake destruction
 12315 | D:8      | Killed a two-headed ogre
 12316 | D:8      | Reached skill level 4 in Evocations
 12387 | D:9      | Found a staircase to the Orcish Mines.
 12415 | D:9      | XOM: fog
 12422 | D:9      | Reached skill level 8 in Conjurations
 12431 | D:9      | XOM: 1-stop teleportation journey
 12743 | D:9      | Reached skill level 5 in Evocations
 12887 | D:9      | Found a runed translucent door.
 12887 | D:9      | Found a runed translucent door.
 12887 | D:9      | Found a runed translucent door.
 12887 | D:9      | Noticed a cyclops
 12887 | D:9      | Noticed an orc knight
 12887 | D:9      | Noticed a cyan ugly thing
 12887 | D:9      | Noticed a centaur warrior
 12887 | D:9      | Noticed a white ugly thing
 12887 | D:9      | Noticed a seven-headed hydra
 12901 | D:9      | Found a sparkling altar of Nemelex Xobeh.
 12901 | D:9      | XOM: 1-stop teleportation journey
 12912 | D:9      | Learned a level 5 spell: Freezing Cloud
 12913 | D:10     | Entered Level 10 of the Dungeon
 12914 | D:10     | Noticed Josephine
 13015 | D:10     | XOM: scenery: create altars
 13029 | D:10     | Killed Josephine
 13030 | D:10     | Reached skill level 6 in Fighting
 13030 | D:10     | Reached skill level 9 in Hexes
 13030 | D:10     | Reached skill level 1 in Air Magic
 13030 | D:10     | Reached XP level 11. HP: 40/48 MP: 11/17
 13031 | D:10     | XOM: chaos cloud
 13116 | D:9      | XOM: cloud trail
 13126 | D:9      | XOM: cast spell 'Call Canine Familiar'
 13132 | D:9      | Reached skill level 1 in Ice Magic
 13221 | D:9      | XOM: cloud trail
 13458 | D:10     | XOM: 2-stop teleportation journey
 13546 | D:10     | Reached skill level 9 in Dodging
 13551 | D:10     | XOM: blink monster(s)
 13564 | D:10     | Reached skill level 6 in Evocations
 13871 | D:9      | XOM: destruction
 13882 | D:9      | Reached skill level 2 in Air Magic
 13895 | D:9      | XOM: 1-stop teleportation journey
 13973 | D:9      | Found a staircase to the Lair.
 14016 | D:9      | XOM: divination: detect items
 14203 | D:9      | XOM is BORED!
 14203 | D:9      | XOM: noise
 14210 | D:9      | XOM: god gift: sling {god gift}
 14305 | D:9      | XOM: divination: detect creatures
 14450 | D:10     | XOM: silly message
 14526 | D:10     | Reached skill level 2 in Ice Magic
 14566 | D:10     | XOM: cloud trail
 14642 | D:10     | Noticed Lodul
 14652 | D:10     | Killed Lodul
 14716 | D:10     | Reached skill level 7 in Spellcasting
 14716 | D:10     | Reached skill level 7 in Evocations
 14833 | D:10     | XOM: divination: detect creatures
 14890 | D:10     | Noticed Joseph
 14910 | D:10     | XOM: noise
 14911 | D:10     | XOM: butterfly on damage
 14915 | D:10     | XOM: cleaving
 14928 | D:10     | Reached skill level 3 in Air Magic
 15066 | D:10     | XOM: give mutations
 15066 | D:10     | Gained mutation: You have a pair of small antennae on your
                  | head. [Xom's grace]
 15066 | D:10     | Gained mutation: You are partially covered in iridescent
                  | scales. (AC +2) [Xom's grace]
 15066 | D:10     | Gained mutation: Your spells are harder to cast, but more
                  | powerful. [Xom's grace]
 15223 | D:10     | Killed Joseph
 15224 | D:10     | Reached skill level 3 in Ice Magic
 15323 | D:10     | Learned a level 4 spell: Cause Fear
 15349 | D:10     | XOM: god gift: arbalest {god gift}
 15419 | Lair:1   | Entered Level 1 of the Lair of Beasts
 15420 | Lair:1   | XOM: god gift: robe {god gift}
 15584 | Lair:1   | XOM: enchant monster (good)
 15598 | Lair:1   | Reached skill level 10 in Dodging
 15598 | Lair:1   | Reached skill level 8 in Evocations
 15777 | Lair:1   | XOM: god gift: 3 datura-tipped darts
 16456 | Lair:1   | XOM: cast spell 'Alistair's Intoxication'
 16527 | Lair:1   | XOM: potion effect (brilliance)
 16533 | Lair:1   | XOM: confuse monster(s)
 16545 | Lair:1   | XOM: silly message
 16552 | Lair:1   | XOM: butterfly on damage
 16677 | Lair:1   | Reached skill level 4 in Air Magic
 16811 | Lair:1   | Identified a scroll of acquirement
 16812 | Lair:1   | Acquired the amulet of Ecraz {RegenMP Rampage rPois Slay+2}
 16963 | Lair:1   | Reached skill level 4 in Ice Magic
 16963 | Lair:1   | Gained mutation: Your thick and shaggy fur keeps you warm.
                  | (AC +3, rC+) [Felid growth]
 16963 | Lair:1   | Reached XP level 12. HP: 52/52 MP: 10/19
 17053 | Lair:1   | XOM: summons 6 hostile demons
 17055 | Lair:1   | XOM: smoke on damage
 17056 | Lair:1   | Noticed a six-headed hydra
 17060 | Lair:1   | Killed by an exploding fulminant prism
 17200 | Lair:1   | Reached skill level 9 in Evocations
 17236 | Lair:1   | XOM: swap monsters
 17238 | Lair:1   | XOM: confusion
 17256 | Lair:1   | XOM: noise
 17277 | Lair:1   | XOM: polymorph yak -> culicivora
 17404 | Lair:1   | XOM: divination: detect creatures
 17409 | Lair:1   | XOM: summons 2 hostile demons
 17423 | Lair:1   | XOM: chaos cloud
 17424 | Lair:1   | XOM: summons 7 hostile demons
 17995 | Lair:2   | Reached skill level 8 in Spellcasting
 18110 | Lair:2   | Reached skill level 11 in Dodging
 18207 | Lair:2   | Found a staircase to the Shoals.
 18207 | Lair:2   | XOM: swap monsters
 18213 | Lair:2   | XOM: confusion (+ monsters)
 18243 | Lair:2   | XOM: noise
 18245 | Lair:2   | XOM: scenery: summon butterflies
 18417 | Lair:2   | XOM: noise
 18479 | Lair:2   | Reached skill level 10 in Evocations
 18522 | Lair:1   | XOM: scenery: create altars
 18560 | Lair:2   | Reached skill level 5 in Air Magic
 18687 | Lair:2   | Reached skill level 5 in Ice Magic
 18755 | Lair:2   | XOM: summons 5 friendly demons
 18782 | Lair:2   | XOM: summons 4 friendly demons
 19111 | Lair:2   | XOM: destruction
 19258 | Lair:2   | Found a staircase to the Snake Pit.
 19409 | Lair:3   | Found a glowing silver altar of Zin.
 19649 | Lair:3   | XOM: give mutation
 19649 | Lair:3   | Lost mutation: You are somewhat resistant to further
                  | mutation. [Xom's mischief]
 19982 | Lair:3   | XOM: 1-stop teleportation journey
 20071 | Lair:3   | XOM: confusion
 20074 | Lair:3   | XOM: confusion (+ monsters)
 20300 | Lair:3   | XOM: 2-stop teleportation journey
 20340 | Lair:3   | XOM: blink monster(s)
 20809 | Lair:3   | XOM: blink monster(s)
 20817 | Lair:3   | Reached skill level 12 in Dodging
 20986 | Lair:4   | XOM: noise
 21008 | Lair:4   | Reached skill level 6 in Air Magic
 21090 | Lair:4   | XOM: enchant monster (bad)
 21118 | Lair:4   | Reached skill level 7 in Fighting
 21131 | Lair:4   | Learned a level 5 spell: Arcjolt
 21163 | Lair:4   | Noticed a death yak
 21229 | Lair:4   | XOM: torment (18/54 hp)
 21238 | Lair:4   | XOM: blink monster(s)
 21440 | Lair:3   | XOM: summons 4 hostile shadow creatures
 21573 | Lair:4   | XOM: silly message
 21582 | Lair:4   | Reached XP level 13. HP: 57/57 MP: 9/21
 21778 | Lair:4   | XOM: potion effect (might)
 21790 | Lair:4   | XOM: butterfly on damage
 21952 | Lair:4   | XOM: potion effect (haste)
 21982 | Lair:4   | Reached skill level 9 in Spellcasting
 21982 | Lair:4   | Reached skill level 9 in Conjurations
 21982 | Lair:4   | XOM: silly message
 21990 | Lair:4   | XOM: potion effect (heal wounds)
 21992 | Lair:4   | XOM: potion effect (invisibility)
 22093 | Lair:4   | Found a viscous altar of Jiyva.
 22093 | Lair:4   | Found a staircase to the Slime Pits.
 22224 | Lair:5   | Entered Level 5 of the Lair of Beasts
 22224 | Lair:5   | XOM: stat loss: -1 Int (17/18)
 22250 | Lair:5   | XOM: noise
 22256 | Lair:4   | XOM: silly message
 22268 | Lair:4   | XOM: confusion (+ monsters)
 22564 | Lair:5   | Learned a level 3 spell: Hailstorm
 22580 | Lair:5   | Reached skill level 8 in Fighting
 22580 | Lair:5   | Reached skill level 7 in Air Magic
 22629 | Lair:5   | Reached skill level 13 in Dodging
 23047 | Lair:5   | XOM: noise
 23060 | Lair:5   | XOM: polymorph elephant -> eye of devastation
 23229 | Lair:5   | XOM: draining
 23392 | Lair:5   | XOM: smoke on damage
 23402 | Lair:5   | XOM: polymorph cane toad -> culicivora
 23435 | Lair:4   | XOM: give mutations
 23435 | Lair:4   | Lost mutation: Your mind is acute. (Int +4, Str/Dex -1)
                  | [Xom's mischief]
 23435 | Lair:4   | Lost mutation: You have a pair of small antennae on your
                  | head. [Xom's mischief]
 23435 | Lair:4   | Lost mutation: Your flesh is heat resistant. (rF+) [Xom's
                  | mischief]
 23435 | Lair:4   | Gained mutation: You possess an exceptional clarity of
                  | mind. [Xom's mischief]
 23866 | Lair:5   | XOM: chaos cloud
 23871 | Lair:5   | XOM: summons 11 friendly demons
 23997 | Lair:5   | Reached XP level 14. HP: 57/63 MP: 2/23
 24013 | Lair:5   | XOM: stat loss: -1 Str (7/8)
 24133 | Lair:5   | XOM: cast spell 'Summon Cactus Giant'
 24142 | Lair:5   | Reached skill level 10 in Conjurations
 24145 | Lair:5   | Reached skill level 10 in Spellcasting
 24451 | Lair:5   | Reached skill level 9 in Fighting
 24455 | Lair:5   | Reached skill level 8 in Air Magic
 24455 | Lair:5   | XOM: fake destruction
 24467 | Lair:5   | XOM: summons 10 friendly demons
 24471 | Lair:5   | Reached skill level 14 in Dodging
 24478 | Lair:5   | XOM: potion effect (brilliance)
 24505 | Lair:5   | XOM: god gift: staff of conjuration
 24618 | Lair:5   | XOM: give mutations
 24618 | Lair:5   | Gained mutation: Your natural rate of healing is unusually
                  | fast. [Xom's grace]
 24618 | Lair:5   | Gained mutation: You are strong-willed. (Will+) [Xom's
                  | grace]
 24618 | Lair:5   | Gained mutation: You are mostly covered in iridescent
                  | scales. (AC +4) [Xom's grace]
 24618 | Lair:5   | Gained mutation: You are robust. (+10% HP) [Xom's grace]
 24799 | Lair:4   | XOM: god gift: 42 gold pieces
 24995 | D:9      | Reached skill level 10 in Fighting
 25001 | D:9      | Reached skill level 9 in Air Magic
 25113 | D:9      | XOM: god gift: +2 ring mail of fire resistance
 25300 | D:9      | XOM: 1-stop teleportation journey
 25302 | D:9      | XOM: give mutation
 25302 | D:9      | Gained mutation: You have a pair of small antennae on your
                  | head. [Xom's grace]
 25505 | D:9      | XOM: scenery: summon butterflies
 26039 | D:11     | XOM: give mutation
 26039 | D:11     | Gained mutation: You have hidden genetic potential. [Xom's
                  | grace]
 26120 | D:11     | XOM: god gift: scroll of immolation
 26168 | D:11     | Noticed Grum
 26173 | D:11     | Killed Grum
 26177 | D:11     | Reached skill level 10 in Air Magic
 26241 | D:11     | Noticed Amaemon
 26241 | D:11     | XOM: potion effect (brilliance)
 26249 | D:11     | Killed Amaemon
 26314 | D:11     | XOM: polymorph orc warrior -> hound
 26341 | D:11     | XOM: confuse monster(s)
 26391 | D:11     | XOM: summons friendly white imp
 26783 | D:12     | XOM is BORED!
 26783 | D:12     | XOM: summons 1 hostile demon
 26831 | D:12     | XOM: give mutations
 26831 | D:12     | Gained mutation: Your system is resistant to poisons.
                  | (rPois) [Xom's grace]
 26831 | D:12     | Gained mutation: You have very sharp fingernails. [Xom's
                  | grace]
 26831 | D:12     | Gained mutation: You are highly strong-willed. (Will++)
                  | [Xom's grace]
 26831 | D:12     | Gained mutation: You are agile. (Dex +4, Str/Int -1) [Xom's
                  | grace]
 26891 | D:12     | XOM: enchant monster (good)
 26951 | D:12     | XOM: 4-stop teleportation journey
 27169 | D:12     | Reached skill level 11 in Conjurations
 27752 | D:12     | XOM: 4-stop teleportation journey
 27789 | D:12     | XOM: fog
 27955 | D:12     | Noticed Snorg
 27993 | D:12     | XOM: confuse monster(s)
 28049 | D:12     | XOM: cloud trail
 28456 | Orc:1    | Entered Level 1 of the Orcish Mines
 28456 | Orc:1    | Noticed Gastronok
 28456 | Orc:1    | Noticed Maurice
 28466 | D:9      | Killed Maurice
 28521 | Orc:1    | Killed Gastronok
 28634 | Orc:1    | Noticed Harold
 28656 | Orc:1    | Killed Harold
 28754 | Orc:1    | Reached XP level 15. HP: 46/75 MP: 5/24
 29014 | Orc:1    | XOM: 3-stop teleportation journey
 29024 | Orc:1    | XOM: scenery: create altars
 29199 | Orc:2    | Entered Level 2 of the Orcish Mines
 29481 | Orc:2    | Found a staircase to the Elven Halls.
 29711 | Orc:2    | Identified the staff of Gehenna {rF+ Int+3 Stlth+ Conj}
                  | (Xom gifted it to you on level 2 of the Orcish Mines)
 29711 | Orc:2    | XOM: god gift: staff of Gehenna {rF+ Int+3 Stlth+ Conj}
 29712 | Orc:2    | XOM: enchant monster (bad)
 29897 | Orc:2    | Reached skill level 12 in Conjurations
 29910 | Orc:2    | XOM: summons 13 friendly demons
 30230 | Orc:2    | XOM: polymorph orc -> rat
 30474 | Orc:2    | XOM: confuse monster(s)
 30480 | Orc:2    | XOM: blink monster(s)
 30568 | Orc:2    | XOM: fog
 30587 | Orc:2    | XOM: give mutation
 30587 | Orc:2    | Gained mutation: You are very agile. (Dex +8, Str/Int -2)
                  | [Xom's grace]
 30627 | Orc:2    | XOM: give mutations
 30627 | Orc:2    | Gained mutation: Your muscles are strong. (Str +4, Int/Dex
                  | -1) [Xom's grace]
 30627 | Orc:2    | Gained mutation: Your flesh is cold resistant. (rC+) [Xom's
                  | grace]
 30627 | Orc:2    | Gained mutation: Your muscles are very strong. (Str +8,
                  | Int/Dex -2) [Xom's grace]
 30627 | Orc:2    | Gained mutation: You are completely covered in iridescent
                  | scales. (AC +6) [Xom's grace]
 30649 | Orc:2    | Found Piriyxot's Antique Armour Emporium.
 30650 | Orc:2    | Found Qazonu's Antique Weapon Shoppe.
 30652 | Orc:2    | Found Adurpheh's General Store.
 30652 | Orc:2    | Found Kiraghiosch's Jewellery Emporium.
 30670 | Orc:2    | Bought a potion of lignification for 48 gold pieces
 30670 | Orc:2    | Bought a potion of might for 64 gold pieces
 30670 | Orc:2    | Bought a scroll of identify for 32 gold pieces
 30901 | D:13     | XOM: god gift: glowing hand axe {god gift}
 30911 | D:13     | XOM: 2-stop teleportation journey
 30967 | D:13     | Identified the +8 sling "Inureig" {elec, Will+}
 31022 | D:13     | XOM: polymorph very large slime creature -> komodo dragon
 31025 | D:13     | XOM: cleaving
 31026 | D:13     | XOM: summons 3 friendly demons
 31036 | D:13     | XOM: enchant monster (good)
 31184 | D:13     | Gained mutation: Your spells are much harder to cast, but
                  | much more powerful. [hidden potential]
 31220 | D:13     | You fall into a shaft and drop 2 floors!
 31220 | D:15     | Entered Level 15 of the Dungeon
 31232 | D:15     | XOM: enchant monster (good)
 31243 | D:15     | Reached skill level 11 in Spellcasting
 31249 | D:15     | Reached skill level 11 in Air Magic
 31252 | D:15     | XOM: god gift: 62 gold pieces
 31409 | D:15     | XOM: scenery: create altars
 31437 | D:15     | XOM: fake destruction
 31447 | D:15     | XOM: confuse monster(s)
 31510 | D:14     | XOM: scenery: summon butterflies
 31567 | D:14     | XOM: god gift: scimitar {god gift}
 31690 | D:14     | XOM: polymorph death knight -> manticore
 32211 | D:13     | XOM: scenery: summon butterflies
 32289 | D:13     | XOM: scenery: create altars
 32299 | D:13     | XOM: confuse monster(s)
 32393 | D:13     | XOM: summons friendly ufetubus
 32394 | D:13     | XOM: divination: detect creatures
 32502 | D:13     | XOM: give mutation
 32502 | D:13     | Gained mutation: You are extremely strong-willed. (Will+++)
                  | [Xom's grace]
 32853 | D:14     | XOM: 3-stop teleportation journey
 32879 | D:14     | Reached skill level 13 in Conjurations
 33008 | D:14     | XOM: cast spell 'Discord'
 33057 | D:14     | XOM: god gift: 24 gold pieces
 33075 | D:14     | XOM: divination: magic mapping
 33365 | D:15     | XOM: destruction
 33400 | D:15     | XOM: potion effect (might)
 33637 | D:15     | XOM: cleaving
 33666 | D:15     | XOM: cleaving
 33783 | D:15     | XOM: butterfly on damage
 33807 | D:14     | XOM: silly message
 33823 | D:15     | XOM: enchant monster (good)
 33834 | D:14     | Reached XP level 16. HP: 55/80 MP: 26/26
 33862 | D:15     | XOM: divination: detect items
 33873 | D:15     | XOM: noise
 34069 | D:14     | XOM is BORED!
 34108 | D:15     | Reached skill level 12 in Spellcasting
 34196 | D:15     | XOM: polymorph green ugly thing -> brown ugly thing
 34199 | D:14     | Reached skill level 12 in Air Magic
 34251 | D:15     | XOM: destruction
 34307 | D:15     | XOM: silly message
 34420 | D:15     | XOM: destruction
 34421 | D:15     | XOM: smoke on damage
 34475 | D:15     | Found a staircase to the Depths.
 34507 | D:15     | XOM: cleaving
 34540 | D:14     | XOM: scenery: create altars
 34558 | D:15     | XOM: give mutations
 34558 | D:15     | Lost mutation: You have hidden genetic potential. [Xom's
                  | grace]
 34558 | D:15     | Gained mutation: You are somewhat resistant to further
                  | mutation. [Xom's grace]
 34558 | D:15     | Gained mutation: You are very robust. (+20% HP) [Xom's
                  | grace]
 34712 | D:15     | XOM: god gift: 54 gold pieces
 34719 | D:15     | Learned a level 4 spell: Vhi's Electric Charge
 34978 | Snake:1  | Entered Level 1 of the Snake Pit
 35048 | Snake:1  | XOM: god gift: 2 stones
 35748 | Snake:1  | XOM: butterfly on damage
 36011 | Snake:1  | Found Qenkoss's Jewellery Boutique.
 36011 | Snake:1  | Found Baddam's Book Shoppe.
 36012 | Snake:1  | Found Civotitoul's Jewellery Boutique.
 36320 | Snake:2  | Reached skill level 14 in Conjurations
 36521 | Snake:2  | XOM: give mutations
 36521 | Snake:2  | Gained mutation: A frigid envelope surrounds you and
                  | freezes all who hurt you. [Xom's grace]
 36521 | Snake:2  | Gained mutation: You are extremely robust. (+30% HP) [Xom's
                  | grace]
 36521 | Snake:2  | Gained mutation: You have a pair of antennae on your head.
                  | [Xom's grace]
 36734 | Snake:2  | Reached skill level 13 in Spellcasting
 36734 | Snake:2  | Reached skill level 13 in Air Magic
 36940 | Snake:2  | Found a white marble altar of Elyvilon.
 36942 | Snake:2  | Found Qylun's Magic Scroll Boutique.
 36984 | Snake:2  | Bought a scroll of blinking for 127 gold pieces
 36984 | Snake:2  | Bought a scroll of blinking for 127 gold pieces
 36984 | Snake:2  | Bought a scroll of teleportation for 51 gold pieces
 36984 | Snake:2  | Bought a scroll of identify for 34 gold pieces
 37072 | Snake:2  | XOM: 6-stop teleportation journey
 37446 | Snake:2  | XOM: summons friendly ufetubus
 37799 | Snake:2  | XOM: god gift: 37 gold pieces
 38125 | Snake:3  | Noticed Mlioglotl
 38139 | Snake:3  | XOM: divination: detect items
 38141 | Snake:3  | Noticed a tentacled starspawn
 38148 | Snake:3  | Killed Mlioglotl
 38202 | Snake:3  | Reached skill level 14 in Spellcasting
 38202 | Snake:3  | XOM: summons friendly white imp
 38212 | Snake:3  | XOM: 1-stop teleportation journey
 38229 | Snake:3  | XOM: cloud trail
 38299 | Snake:3  | Reached XP level 17. HP: 81/98 MP: 3/29
 38580 | Snake:3  | XOM is BORED!
 38636 | Snake:3  | Identified the +0 scale mail of Nemelex Xobeh's Favour {rC+
                  | Regen+}
 38670 | Snake:3  | Identified the serpent talisman of Servitude {+Blink rF+}
 38670 | Snake:3  | Noticed Aizul
 38673 | Snake:3  | XOM: noise
 38677 | Snake:3  | Killed Aizul
 38678 | Snake:3  | Reached skill level 6 in Stealth
 38783 | Snake:3  | Found Ontad's Antique Weapon Boutique.
 38789 | Snake:3  | Found Ytyvvuad's Antique Armour Boutique.
 38789 | Snake:3  | Found Cyaqycsa's Jewellery Shop.
 38832 | Snake:3  | Found Kenyseigy's Armour Shop.
 38852 | Snake:3  | XOM: noise
 38858 | Snake:3  | Reached skill level 11 in Evocations
 39230 | Snake:4  | Entered Level 4 of the Snake Pit
 39349 | Snake:4  | Reached skill level 7 in Stealth
 39390 | Snake:4  | XOM: noise
 39391 | Snake:4  | XOM: noise
 39571 | Snake:4  | XOM: enchant monster (good)
 39658 | Snake:4  | Reached skill level 8 in Stealth
 39852 | Snake:4  | Reached skill level 12 in Evocations
 39891 | Snake:4  | XOM: potion effect (might)
 39893 | Snake:4  | Reached skill level 11 in Fighting
 40134 | Snake:4  | XOM: silly message
 40168 | Snake:4  | XOM: cast spell 'Death Channel'
 40176 | Snake:4  | Acquired a book of Spatial Translocations
 40181 | Snake:4  | Learned a level 2 spell: Blink
 40338 | Snake:4  | Reached skill level 1 in Translocations
 40339 | Snake:4  | XOM: summons friendly crimson imp
 40339 | Snake:4  | Slain by an anaconda
 40517 | Shoals:1 | Entered Level 1 of the Shoals
 40521 | Shoals:1 | Reached skill level 9 in Stealth
 40521 | Shoals:1 | Reached skill level 2 in Translocations
 40526 | Shoals:1 | XOM: enchant monster (bad)
 40722 | Shoals:1 | XOM: noise
 40728 | Shoals:1 | Reached skill level 3 in Translocations
 40728 | Shoals:1 | Reached skill level 13 in Evocations
 40880 | Shoals:1 | XOM: 7-stop teleportation journey
 41247 | Shoals:1 | XOM: god gift: 2 stones
 41399 | Shoals:1 | Reached skill level 4 in Translocations
 41524 | Shoals:1 | Found Ficufer's Visitors' Centre.
 41529 | Shoals:1 | Found Ficufer's Merfolk Magic.
 41540 | Shoals:1 | XOM: smoke on damage
 41734 | Shoals:2 | Noticed Nikola
 41814 | Shoals:2 | XOM: cloud trail
 41887 | Shoals:2 | Reached skill level 10 in Stealth
 41936 | Shoals:2 | XOM: cloud trail
 42016 | Shoals:2 | XOM: noise
 42023 | Shoals:2 | Reached skill level 5 in Translocations
 42188 | Shoals:2 | XOM: silly message
 42306 | Shoals:2 | XOM: noise
 42392 | Shoals:2 | XOM: god gift: 6 boomerangs
 42513 | Shoals:2 | Reached skill level 6 in Translocations
 42513 | Shoals:2 | Reached skill level 14 in Evocations
 42739 | Shoals:2 | Reached skill level 12 in Fighting
 42796 | Shoals:2 | XOM: noise
 43186 | Shoals:2 | Killed Nikola
 43187 | Shoals:2 | Reached skill level 6 in Unarmed Combat
 43187 | Shoals:2 | Reached XP level 18. HP: 107/109 MP: 26/29
 43283 | Shoals:2 | XOM: 1-stop teleportation journey
 43429 | Shoals:3 | Noticed Ilsuiw
 43443 | Shoals:3 | Killed Ilsuiw
 43681 | Shoals:3 | XOM: 3-stop teleportation journey
 43857 | Shoals:3 | XOM: divination: detect items
 43948 | Shoals:3 | Identified the +0 tower shield of the Pit {Harm Int+5}
 44121 | Shoals:3 | Reached skill level 7 in Unarmed Combat
 44441 | Shoals:4 | Entered Level 4 of the Shoals
 44446 | Shoals:4 | XOM: confuse monster(s)
 44491 | Shoals:4 | Found a frozen archway.
 44599 | Shoals:4 | XOM: 1-stop teleportation journey
 44602 | Shoals:4 | XOM: cast spell 'Summon Dragon'
 44659 | Shoals:4 | Noticed Bai Suzhen
 44665 | Shoals:4 | XOM: chaos cloud
 44683 | Shoals:4 | Reached skill level 13 in Fighting
 44748 | Shoals:3 | XOM: noise
 44858 | Shoals:4 | Found the -2 hat of the Alchemist {rElec rPois rF+ rC+ rN+
                  | Will+ rMut rCorr}
 44998 | Shoals:4 | Reached skill level 8 in Unarmed Combat
 45018 | Shoals:4 | Killed Bai Suzhen
 45129 | Shoals:4 | XOM: summons 10 hostile demons
 45189 | Shoals:4 | XOM: stat loss: -1 Dex (28/29)
 45309 | Shoals:4 | Got a barnacled rune of Zot
 45420 | Shoals:4 | XOM: give mutations
 45420 | Shoals:4 | Lost mutation: You passively dampen the noise of your
                  | surroundings. [Xom's mischief]
 45420 | Shoals:4 | Lost mutation: You occasionally lose the ability to read
                  | scrolls when taking damage. [Xom's mischief]
 45420 | Shoals:4 | Lost mutation: Your muscles are very strong. (Str +8,
                  | Int/Dex -2) [Xom's mischief]
 45420 | Shoals:4 | Lost mutation: You are extremely strong-willed. (Will+++)
                  | [Xom's mischief]
 45464 | Shoals:4 | Found the necklace of Bloodlust {Fury *Rage Will++ Int-3
                  | Slay+6}
 45562 | Shoals:4 | Identified the +1 long sword "Rayxtin" {holy, *Slow rElec
                  | rPois Int+6}
 45829 | Snake:1  | Bought a ring of protection from fire for 425 gold pieces
 46057 | Vaults:5 | Identified the "Adoomifi"
 46057 | Vaults:5 | Identified the "Qikkar"
 46057 | Crypt:3  | Identified the of Voxtiet
 46057 | Crypt:3  | Identified the "Baikk"
 46057 | Elf:1    | Entered Level 1 of the Elven Halls
 46333 | Elf:1    | XOM: give mutation
 46333 | Elf:1    | Lost mutation: You occasionally lose the ability to drink
                  | potions when taking damage. [Xom's mischief]
 46339 | Elf:1    | Reached skill level 9 in Unarmed Combat
 46418 | Elf:1    | Noticed Roxanne
 46418 | Elf:1    | Noticed Zenata
 46418 | Elf:1    | XOM: 3-stop teleportation journey
 46450 | Elf:1    | Noticed Frances
 46459 | Elf:1    | Killed Frances
 46460 | Elf:1    | Reached skill level 1 in Shapeshifting
 46549 | Elf:1    | Reached skill level 2 in Shapeshifting
 46664 | Elf:1    | Noticed Kirke
 46671 | Elf:1    | Reached skill level 3 in Shapeshifting
 46672 | Elf:1    | Killed Kirke
 46906 | Elf:1    | You fall into a shaft and drop 1 floor!
 46925 | Elf:2    | XOM: swap monsters
 46929 | Elf:2    | XOM: enchant monster (bad)
 46989 | Elf:2    | XOM: swap monsters
 46994 | Elf:2    | Reached skill level 4 in Shapeshifting
 47070 | Elf:2    | Reached skill level 5 in Shapeshifting
 47203 | Elf:1    | Reached skill level 6 in Shapeshifting
 47207 | Elf:1    | XOM: give mutations
 47207 | Elf:1    | Lost mutation: Your natural rate of healing is unusually
                  | fast. [Xom's mischief]
 47207 | Elf:1    | Lost mutation: You are completely covered in iridescent
                  | scales. (AC +6) [Xom's mischief]
 47280 | Elf:1    | Paralysed by an air elemental for 1 turns
 47283 | Elf:1    | Paralysed by an air elemental for 1 turns
 47409 | Elf:1    | XOM: god gift: 29 gold pieces
 47551 | Elf:1    | Killed Zenata
 47590 | Elf:1    | XOM: fog
 47598 | Elf:1    | Reached XP level 19. HP: 48/117 MP: 26/30
 47604 | Elf:1    | Reached skill level 7 in Shapeshifting
 47604 | Elf:1    | Killed from afar by a deep elf zephyrmancer
 47840 | Elf:1    | Found Voetsass's Magic Scroll Shoppe.
 47900 | Elf:1    | XOM: god gift: wand of iceblast (5)
 48001 | Elf:1    | Killed Roxanne
 48017 | Elf:1    | Bought 3 scrolls of fear for 168 gold pieces
 48072 | Elf:1    | XOM: god gift: 3 boomerangs
 48879 | Snake:4  | Reached skill level 8 in Shapeshifting
 48943 | Snake:4  | XOM: 1-stop teleportation journey
 49060 | Snake:3  | XOM: silly message
 49277 | Snake:3  | XOM: noise
 49344 | Snake:4  | Reached skill level 9 in Shapeshifting
 49404 | Snake:4  | XOM: silly message
 49410 | Snake:4  | XOM: potion effect (berserk rage)
 49423 | Snake:4  | XOM: polymorph nagaraja -> frost giant
 49971 | Snake:4  | XOM: stat loss: -1 Dex (28/30)
 50059 | Snake:4  | Got a serpentine rune of Zot
 50115 | Snake:3  | XOM: stat loss: -1 Dex (27/30)
 50375 | D:12     | Killed Snorg
 50476 | D:12     | Noticed Azrael
 50479 | D:12     | Killed Azrael
 50480 | D:12     | Reached skill level 10 in Shapeshifting
 50615 | D:13     | XOM: god gift: morningstar {god gift}
 50734 | D:13     | Found a gate to the Vaults.
 50762 | Vaults:1 | Entered Level 1 of the Vaults
 50954 | Vaults:1 | XOM: confuse monster(s)
 50968 | Vaults:1 | Reached skill level 11 in Shapeshifting
 51010 | Vaults:1 | XOM: noise
 51207 | Vaults:1 | XOM: 1-stop teleportation journey
 51819 | Vaults:1 | Reached skill level 12 in Shapeshifting
 51923 | Vaults:1 | XOM: scenery: 2 doors close
 52042 | Vaults:1 | XOM: fog
 52107 | Vaults:1 | XOM: god gift: scroll of amnesia
 52315 | Vaults:1 | XOM: silly message
 52423 | Vaults:1 | Noticed Norris
 52734 | Vaults:1 | XOM: divination: magic mapping
 53086 | Vaults:2 | Reached skill level 13 in Shapeshifting
 53195 | Vaults:2 | XOM: summons friendly iron imp
 53203 | Vaults:2 | XOM: blink monster(s)
 53232 | Vaults:2 | XOM: polymorph iron imp -> quasit
 53512 | Vaults:2 | XOM: noise
 53516 | Vaults:2 | XOM: summons 8 friendly demons
 53542 | Vaults:2 | Reached skill level 14 in Shapeshifting
 53711 | Vaults:2 | XOM: summons 4 friendly demons
 53949 | Vaults:2 | Found Sienisoa's Armour Shoppe.
 53964 | Vaults:2 | Found Ovenli's Assorted Antiques.
 53964 | Vaults:2 | XOM: noise
 53975 | Vaults:2 | XOM: swap monsters
 53976 | Vaults:2 | Reached XP level 20. HP: 122/122 MP: 31/31
 53982 | Vaults:2 | XOM: enchant monster (bad)
 53992 | Vaults:2 | XOM: chaos upgrade
 54164 | Vaults:2 | Bought a potion of cancellation for 168 gold pieces
 54346 | Vaults:2 | XOM: give mutation
 54346 | Vaults:2 | Lost mutation: Your magical capacity is very low. (-20% MP)
                  | [Xom's grace]
 54389 | Vaults:2 | XOM: chaos upgrade
 54589 | Vaults:2 | Found a staircase to the Crypt.
 54668 | Vaults:2 | XOM: give mutations
 54668 | Vaults:2 | Lost mutation: You possess an exceptional clarity of mind.
                  | [Xom's mischief]
 54668 | Vaults:2 | Lost mutation: You are highly strong-willed. (Will++)
                  | [Xom's mischief]
 54668 | Vaults:2 | Lost mutation: You expend magic power (3 MP) to strengthen
                  | your wands. [Xom's mischief]
 54668 | Vaults:2 | Lost mutation: You are very agile. (Dex +8, Str/Int -2)
                  | [Xom's mischief]
 54799 | Vaults:2 | XOM: silly message
 54865 | Vaults:2 | XOM: 2-stop teleportation journey
 54955 | Vaults:2 | XOM: summons 1 hostile shadow creature
 55113 | Vaults:2 | XOM: fog
 55389 | Vaults:3 | XOM: polymorph centaur warrior -> faun
 55400 | Vaults:3 | Reached skill level 14 in Fighting
 55400 | Vaults:3 | Reached skill level 7 in Translocations
 55749 | Vaults:3 | XOM: summons 5 friendly demons
 55763 | Vaults:3 | XOM: confuse monster(s)
 56050 | Orc:2    | Bought an amulet of regeneration for 510 gold pieces
 56172 | Elf:1    | Reached skill level 8 in Translocations
 56246 | Elf:2    | XOM: summons friendly crimson imp
 56391 | Elf:2    | XOM: give mutations
 56391 | Elf:2    | Lost mutation: Your system is resistant to poisons. (rPois)
                  | [Xom's mischief]
 56391 | Elf:2    | Lost mutation: Your muscles are strong. (Str +4, Int/Dex
                  | -1) [Xom's mischief]
 56391 | Elf:2    | Lost mutation: You are mostly covered in iridescent scales.
                  | (AC +4) [Xom's mischief]
 56449 | Elf:2    | Found a runed translucent gate.
 56449 | Elf:2    | Found a runed translucent gate.
 56450 | Elf:2    | Found a runed translucent gate.
 56466 | Elf:2    | XOM: confuse monster(s)
 56469 | Elf:2    | Reached skill level 10 in Unarmed Combat
 56486 | Elf:2    | XOM: summons friendly ufetubus
 56608 | Elf:2    | XOM: 1-stop teleportation journey
 56622 | Elf:2    | XOM: divination: magic mapping
 56628 | Elf:2    | Reached skill level 9 in Translocations
 56796 | Elf:2    | XOM: silly message
 57100 | Elf:2    | XOM: divination: detect items
 57226 | Elf:2    | Reached skill level 10 in Translocations
 57318 | Elf:3    | Identified the "Hejet"
 57318 | Elf:3    | Identified the "Wischuq"
 57318 | Elf:3    | Identified the "Acleijea"
 57318 | Elf:3    | Entered Level 3 of the Elven Halls
 57335 | Elf:3    | Found a radiant altar of Vehumet.
 57411 | Elf:3    | Found a portal to a secret trove of treasure.
 57421 | Elf:3    | You paid a toll of 15 potions of curing to enter a treasure
                  | trove
 57422 | Trove    | Entered a treasure trove
 57433 | Trove    | Found the +3 warlock's mirror {omnireflect}
 57460 | Trove    | Identified the ring of Mivez {rPois rCorr Int+3}
 57462 | Trove    | Identified the ring "Kefaheofu" {rPois Str+4}
 57465 | Trove    | Identified the ring of Cyasch {rF+ Str+6 SInv}
 57469 | Trove    | Identified the amulet of Suspected Treachery {Faith Stlth+}
 57497 | Elf:3    | Found Vesoisaw's Jewellery Emporium.
 57502 | Elf:3    | Found a shimmering blue altar of Sif Muna.
 57774 | Elf:3    | Identified the amulet of Wopt {RegenMP Harm}
 57778 | Elf:3    | XOM: summons 2 friendly demons
 57961 | Elf:3    | Reached skill level 11 in Unarmed Combat
 57971 | Elf:3    | XOM: 1-stop teleportation journey
 58016 | Elf:3    | Reached skill level 11 in Translocations
 58063 | Elf:3    | Identified the +6 falchion of Tol Nent {venom, Will+ Int+3}
 58201 | Elf:3    | XOM: destruction
 58227 | Elf:3    | Reached XP level 21. HP: 94/129 MP: 34/36
 58268 | Elf:3    | Reached skill level 12 in Translocations
 58355 | Elf:3    | XOM: noise
 58358 | Elf:3    | Identified the ring of Naugengo {Ice Will+}
 58418 | Elf:3    | Identified the amulet "Roqez" {Acrobat rElec Will+ MP+9
                  | Dex-4}
 58510 | Elf:3    | Identified the +8 broad axe "Femihaogoux" {holy, rPois
                  | Will+ Str-2 Int+6}
 58510 | Elf:3    | Identified the ring "Uttoudeq" {Wiz Drain rF+ rC++ Dex+3}
 58517 | Elf:3    | XOM: summons 1 hostile shadow creature
 58526 | Elf:3    | Identified the +4 barding of the Pirate {Will++ rCorr}
 58566 | Elf:3    | Identified the staff "Vafufuof" {rElec rF+ Will+ Stlth+
                  | Air}
 58567 | Elf:3    | Identified the staff "Noeloqergh" {Fragile rPois Str+5
                  | Int+2 Stlth+ Poison}
 58603 | Elf:3    | Identified the +4 short sword of Peril {freeze, rCorr
                  | Dex+5}
 59028 | Vaults:3 | Noticed Sojobo
 59040 | Vaults:3 | XOM: polymorph tengu reaver -> iron troll
 59041 | Vaults:3 | Reached skill level 12 in Unarmed Combat
 59068 | Vaults:3 | Killed Sojobo
 59162 | Vaults:3 | Reached skill level 13 in Translocations
 59218 | Vaults:3 | Reached skill level 11 in Stealth
 59327 | Vaults:3 | XOM: 5-stop teleportation journey
 59526 | Vaults:3 | Found Wolop's Magic Scroll Emporium.
 59532 | Vaults:3 | Bought a scroll of butterflies for 88 gold pieces
 59532 | Vaults:3 | Bought a scroll of revelation for 165 gold pieces
 59532 | Vaults:3 | Bought a scroll of blinking for 165 gold pieces
 59532 | Vaults:3 | Bought a scroll of revelation for 165 gold pieces
 59532 | Vaults:3 | Bought a scroll of teleportation for 66 gold pieces
 59534 | Vaults:3 | XOM: noise
 60024 | Vaults:4 | Found a flickering gateway to a bazaar.
 60030 | Bazaar   | Entered a bazaar
 60034 | Bazaar   | Found Haul's Jewellery Boutique.
 60056 | Bazaar   | Found Xerphov's Antique Armour Emporium.
 60077 | Bazaar   | Found Qifeg's Jewellery Boutique.
 60097 | Bazaar   | Found Hutaen's Antique Weapon Shoppe.
 60106 | Bazaar   | XOM: 2-stop teleportation journey
 60135 | Bazaar   | Bought the ring "Omeiwkad" {Wiz rC- Str+5 Dex+5} for 714
                  | gold pieces
 60135 | Bazaar   | Bought the ring "Ihophe" {rElec rF+ Dex+3} for 634 gold
                  | pieces
 60235 | Vaults:4 | XOM: give mutations
 60235 | Vaults:4 | Lost mutation: You are agile. (Dex +4, Str/Int -1) [Xom's
                  | mischief]
 60235 | Vaults:4 | Lost mutation: You are somewhat resistant to further
                  | mutation. [Xom's mischief]
 60235 | Vaults:4 | Lost mutation: A frigid envelope surrounds you and freezes
                  | all who hurt you. [Xom's mischief]
 60277 | Vaults:4 | Reached skill level 13 in Unarmed Combat
 60382 | Vaults:4 | Reached skill level 12 in Stealth
 60403 | Vaults:4 | Reached skill level 14 in Translocations
 60441 | Vaults:4 | XOM: swap monsters
 60567 | Vaults:4 | XOM: summons friendly shadow imp
 60604 | Vaults:4 | XOM: confusion (+ monsters)
 60692 | Vaults:4 | XOM: scenery: 2 doors open, 1 doors close
 60696 | Vaults:4 | XOM: enchant monster (good)
 60698 | Vaults:4 | XOM: enchant monster (good)
 60701 | Vaults:4 | XOM: cleaving
 60789 | Vaults:4 | Reached skill level 14 in Unarmed Combat
 60868 | Vaults:4 | XOM: enchant monster (good)
 60875 | Vaults:4 | XOM: confuse monster(s)
 60877 | Vaults:4 | XOM: potion effect (haste)
 60880 | Vaults:4 | Reached skill level 13 in Stealth
 61004 | Vaults:4 | XOM: enchant monster (good)
 61421 | Vaults:1 | XOM: give mutation
 61421 | Vaults:1 | Gained mutation: You are agile. (Dex +4, Str/Int -1) [Xom's
                  | grace]
 61569 | Depths:1 | Entered Level 1 of the Depths
 61590 | Depths:1 | XOM: noise
 61626 | Depths:1 | XOM: enchant monster (good)
 61631 | Depths:1 | XOM: divination: magic mapping
 61653 | Depths:1 | XOM: confuse monster(s)
 61669 | Depths:1 | Reached skill level 14 in Stealth
 61699 | Depths:1 | Found a gateway to Hell.
 61699 | Depths:1 | XOM: 1-stop teleportation journey
 61703 | Depths:1 | XOM: noise
 61710 | Depths:1 | XOM: enchant monster (bad)
 61733 | Depths:1 | XOM: fog
 61860 | Depths:1 | Reached skill level 14 in Air Magic
 61969 | Depths:1 | Reached XP level 22. HP: 135/135 MP: 19/37
 62336 | Depths:1 | Found an opulent altar of Gozag.
 62390 | Depths:1 | XOM: god gift: +2 ring mail of willpower
 62473 | Depths:1 | XOM: polymorph ettin -> glowing shapeshifter
 62475 | Depths:1 | Gained mutation: You have hidden genetic defects. [a
                  | shining eye]
 62646 | Depths:2 | Reached skill level 1 in Summonings
 62680 | Depths:2 | XOM: silly message
 62792 | Depths:2 | XOM: silly message
 62813 | Depths:2 | XOM: potion effect (invisibility)
 62816 | Depths:2 | Reached skill level 2 in Summonings
 62827 | Depths:2 | Noticed the Enchantress
 62831 | Depths:2 | XOM: potion effect (brilliance)
 62834 | Depths:2 | Killed the Enchantress
 62837 | Depths:2 | Reached skill level 3 in Summonings
 62837 | Depths:2 | XOM: potion effect (might)
 62838 | Depths:2 | XOM: silly message
 62842 | Depths:2 | XOM: potion effect (attraction)
 62850 | Depths:2 | Reached skill level 4 in Summonings
 62921 | Depths:2 | Found Hawisunn's Antique Armour Boutique.
 62936 | Depths:2 | XOM: 1-stop teleportation journey
 62975 | Depths:2 | Reached skill level 5 in Summonings
 62990 | Depths:2 | Gained mutation: You occasionally shout uncontrollably at
                  | your foes. [hidden defects]
 63044 | Depths:2 | Found Qiolopiw's Tremendous Tomes.
 63107 | Depths:2 | XOM: silly message
 63195 | Depths:2 | XOM: potion effect (berserk rage)
 63482 | Depths:2 | Found a one-way gate leading to the halls of Pandemonium.
 63489 | Depths:2 | Reached skill level 6 in Summonings
 63789 | Depths:3 | XOM: confuse monster(s)
 63789 | Depths:3 | XOM: smoke on damage
 63794 | Depths:3 | XOM: potion effect (brilliance)
 63795 | Depths:3 | XOM: potion effect (attraction)
 63963 | Depths:3 | Found a one-way gateway to a ziggurat.
 63975 | Depths:3 | XOM: silly message
 63978 | Depths:3 | Reached skill level 7 in Summonings
 64055 | Depths:3 | XOM: divination: magic mapping
 64073 | Depths:3 | XOM: divine lightning
 64117 | Depths:3 | XOM: scenery: create altars
 64205 | Depths:3 | Reached skill level 10 in Hexes
 64295 | Depths:3 | Found a one-way gate to the infinite horrors of the Abyss.
 64295 | Depths:3 | XOM: 9-stop teleportation journey
 64320 | Depths:3 | Reached skill level 8 in Summonings
 64322 | Depths:3 | Lost mutation: Your spells are much harder to cast, but
                  | much more powerful. [hidden defects]
 64322 | Depths:3 | Lost mutation: You have hidden genetic defects. [hidden
                  | defects expressed]
 64650 | Depths:3 | XOM: confuse monster(s)
 64666 | Depths:3 | Reached skill level 11 in Hexes
 64912 | Depths:4 | Entered Level 4 of the Depths
 64914 | Depths:4 | Reached skill level 9 in Summonings
 64927 | Depths:3 | XOM: enchant monster (good)
 65036 | Depths:4 | Reached skill level 10 in Summonings
 65054 | Depths:4 | Reached skill level 12 in Hexes
 65112 | Depths:4 | XOM: silly message
 65128 | Depths:4 | XOM: blink monster(s)
 65210 | Depths:4 | XOM: silly message
 65215 | Depths:4 | Noticed a golden dragon
 65217 | Depths:4 | XOM: confusion
 65224 | Depths:4 | Killed a golden dragon
 65299 | Depths:4 | Reached skill level 11 in Summonings
 65494 | Depths:4 | XOM: torment (120/156 hp)
 65502 | Depths:4 | Reached XP level 23. HP: 135/140 MP: 38/38
 65546 | Depths:4 | Reached skill level 13 in Hexes
 65576 | Depths:4 | XOM: torment (36/161 hp)
 65769 | Depths:4 | Reached skill level 12 in Summonings
 65781 | Depths:4 | Found a gate to the Realm of Zot.
 65790 | Depths:4 | XOM: 1-stop teleportation journey
 65825 | Depths:4 | XOM: silly message
 65916 | Depths:4 | XOM: silly message
 66048 | Depths:4 | XOM: silly message
 66061 | Depths:4 | Learned a level 1 spell: Apportation
 66410 | Vaults:5 | Entered Level 5 of the Vaults
 66446 | Vaults:5 | Reached skill level 14 in Hexes
 66472 | Vaults:5 | Reached skill level 13 in Summonings
 66581 | Vaults:5 | XOM: 1-stop teleportation journey
 66585 | Vaults:5 | XOM: blink monster(s)
 66738 | Vaults:5 | Got a silver rune of Zot
 66750 | Vaults:5 | Identified the ring of Mame {rPois rF+ rCorr EV+5 Str-4}
 66830 | Vaults:5 | Reached skill level 14 in Summonings
 66896 | Vaults:5 | XOM: divination: detect creatures
 66987 | Vaults:5 | XOM: confuse monster(s)
 66993 | Vaults:5 | XOM: cast spell 'Summon Horrible Things'
 67052 | Vaults:5 | XOM: 3-stop teleportation journey
 67102 | Vaults:5 | Noticed an ancient lich
 67118 | Vaults:5 | Killed an ancient lich
 67128 | Vaults:5 | XOM: divination: magic mapping
 67129 | Vaults:5 | Reached skill level 6 in Ice Magic
 67137 | Vaults:5 | Slain by a vault guard
 67148 | Vaults:5 | Learned a level 5 spell: Silence
 67167 | Vaults:5 | XOM: confuse monster(s)
 67330 | Vaults:5 | Identified the +1 longbow "Beetlebane" {flame, rF- rC+
                  | Will+ Int+3}
 67364 | Vaults:5 | XOM: divination: detect creatures
 67375 | Vaults:5 | XOM: enchant monster (good)
 67436 | Vaults:5 | XOM: god gift: scroll of noise
 67441 | Vaults:5 | XOM: divination: detect creatures
 67446 | Vaults:5 | XOM: fog
 67453 | Vaults:5 | Reached skill level 7 in Ice Magic
 67584 | Vaults:5 | XOM: confuse monster(s)
 67693 | Vaults:5 | Identified the +1 pair of gloves of the Jackalope {rCorr}
 67870 | Vaults:5 | Found the +3 Elemental Staff {ele, rElec rF+ rC+ AC+3}
 67876 | Vaults:5 | Reached skill level 8 in Ice Magic
 67947 | Vaults:5 | XOM: scenery: 1 doors close
 67965 | Vaults:5 | Identified the +11 scimitar of Iconoclasm {heavy, Dex+4}
 67991 | Vaults:5 | Identified the +4 short sword of Impatience {freeze, rC-
                  | Will+ Int+5 SInv}
 68536 | Depths:1 | XOM: stat loss: -1 Dex (36/37)
 68602 | Zot:1    | Entered Level 1 of the Realm of Zot
 68616 | Depths:4 | XOM: silly message
 68655 | Zot:1    | Reached skill level 9 in Ice Magic
 68704 | Zot:1    | Reached XP level 24. HP: 145/145 MP: 36/38
 68772 | Zot:2    | Learned a level 2 spell: Lesser Beckoning
 68778 | Zot:3    | XOM: summons friendly ufetubus
 68809 | Zot:3    | XOM: enchant monster (good)
 68812 | Zot:3    | XOM: polymorph storm dragon -> quicksilver ooze
 68830 | Zot:2    | Reached skill level 10 in Ice Magic
 68872 | Depths:4 | XOM: give mutations
 68872 | Depths:4 | Lost mutation: You have very sharp fingernails. [Xom's
                  | mischief]
 68872 | Depths:4 | Lost mutation: You are partially covered in iridescent
                  | scales. (AC +2) [Xom's mischief]
 68872 | Depths:4 | Lost mutation: You occasionally shout uncontrollably at
                  | your foes. [Xom's mischief]
 69007 | Zot:3    | XOM: cast spell 'Metabolic Englaciation'
 69172 | Zot:4    | Reached skill level 11 in Ice Magic
 69228 | Zot:5    | Entered Level 5 of the Realm of Zot
 69236 | Zot:5    | XOM: cleaving
 69288 | Zot:5    | XOM: god gift: 41 gold pieces
 69583 | Zot:5    | Reached skill level 12 in Ice Magic
 69634 | Zot:5    | Noticed a dread lich
 69636 | Zot:5    | Noticed a Killer Klown
 69636 | Zot:5    | Noticed a Killer Klown
 69636 | Zot:5    | Noticed an orb of fire
 69637 | Zot:5    | Noticed a Killer Klown
 69642 | Zot:5    | Got the Orb of Zot
 69686 | Zot:4    | XOM: confuse monster(s)
 69735 | Zot:2    | XOM: divination: detect creatures
 69974 | D:12     | XOM: enchant monster (bad)
 70087 | D:7      | Noticed Luvit the pandemonium lord
 70161 | D:5      | Reached skill level 13 in Ice Magic
 70294 | D:$      | Escaped with the Orb!

Illustrated notes

Levels and vault maps discovered:
D:1:      dpeg_arrival_boxes_within_box, layout_basic, grunt_decor_arrowhead
D:2:      layout_basic, minmay_pentomino_pile, uniq_jessica,
          uniq_crazy_yiuf_cottage
D:3:      layout_basic, nzn_wu_jian_council_hall, serial_shops,
          nicolae_shop_window_shopping, minmay_rat_hole
D:4:      layout_loops_ring, nicolae_ru_great_annihilating_truth, serial_shops,
          nicolae_diamond_shop, minivault_4, mrwooster_statue_mirror,
          minivault_14, small_statue_alley_b, uniq_pikel
D:5:      layout_loops_ring, mainiacjoe_overflow_chevrons,
          mainiacjoe_overflow_paths, minmay_temple_entry_statues_pillars,
          nicolae_hexahallways, chequers_serial_rivers_micro_d, uniq_grinder
D:6:      layout_cave_pods, amcnicky_altar_gilded, kennysheep_little_box,
          serial_shops, nicolae_lakefront_shop, uniq_eustachio
D:7:      layout_basic
D:8:      layout_basic, jmf_multi_god_temple,
          gammafunk_temple_overflow_elements, minmay_manual_mess, uniq_erica
D:9:      minmay_the_grid_triangle_9x9_rhombus_full
          [minmay_the_grid_triangle_9x9_limited_checkers,
          minmay_the_grid_triangle_9x9_sprig,
          minmay_the_grid_triangle_9x9_shrine,
          minmay_the_grid_triangle_9x9_fully_insulated_deathbox,
          minmay_the_grid_triangle_9x9_zippers_horizontal,
          minmay_the_grid_triangle_9x9_steps,
          minmay_the_grid_triangle_9x9_cache,
          minmay_the_grid_triangle_9x9_prize_insulated], layout_irregular_city,
          nicolae_overflow_hidden_temple, kennysheep_flooded_box
D:10:     layout_small_grid, uniq_lodul, uniq_joseph, uniq_josephine
D:11:     layout_loops_cross, corexii_hall_statues_i, st_stairs_7,
          nrook_campfire, uniq_amaemon, uniq_grum
D:12:     layout_stronghold, uniq_snorg, uniq_azrael
D:13:     layout_rooms, david_vaults_5, serial_park_tiny_1
D:14:     layout_long_grid, minmay_quadrilaterals
D:15:     grunt_enter_depths_magical_seal, layout_cave_pools,
          small_statue_intersection, minivault_25, chequers_garden, pond
Lair:1:   dreamdust_cave_troll, layout_gridlike, pdpol_lair_cavern_descent,
          grunt_megastairs_4
Lair:2:   beast_lair_carwin_large_1, layout_cave_shapes,
          minmay_shoals_entry_centaurs, nicolae_snake_entry_squirm,
          dreamdust_wasp_nest
Lair:3:   layout_layer_cave, special_room [special_room_bee], basic_altar,
          lemuel_fruit_tree, infiniplex_staircase_pool_2
Lair:4:   layout_roguey, dpeg_slime_entry_corner, lemuel_old_faithful
Lair:5:   grunt_lair_end_beastmaster, layout_misc_corridors
Shoals:1: nicolae_shoals_mermall, layout_shoals,
          nicolae_shoals_lost_giant_amphitheater, yaktaur_hedge
Shoals:2: layout_shoals, uniq_nikola
Shoals:3: layout_shoals, nicolae_shoals_mertower, uniq_ilsuiw
Shoals:4: shoals_end_grunt_garden, layout_shoals, shoals_ilsuiw_ice,
          portal_ice_cave_entry_ice_simulacra, nicolae_shoals_hunting_party,
          uniq_bai_suzhen
Snake:1:  layout_rooms, serial_corexii_hall, chequers_hall_statues_wall_a,
          chequers_hall_statues_corner_a, corexii_hall_statues_t,
          corexii_hall_statues_s, nicolae_snake_salamander_jacuzzi,
          minmay_shop_grove
Snake:2:  layout_concentric_octagons, basic_altar, serial_shops, shop
Snake:3:  layout_cave_shapes, serial_bayou_shore_b, grunt_megastairs_1,
          minmay_shoptagon, uniq_mlioglotl, uniq_aizul
Snake:4:  grunt_snake_rune_pools, layout_onion_interference,
          serial_bayou_shore_b
Orc:1:    layout_caves, nooodl_orcs_dogs, uniq_harold, uniq_gastronok,
          uniq_maurice
Orc:2:    st_orc_congregation, layout_caves, statue_in_the_mist_lemuel
Elf:1:    eino_elf_arrival_the_gate, layout_gridlike, serial_shops, shop,
          kennysheep_underground_church, amcnicky_mini_rare_corridor_liquid,
          kb_rosetta, uniq_kirke, uniq_roxanne, uniq_zenata, uniq_frances
Elf:2:    nicolae_elf_blades_splatter_lattice
          [nicolae_blade_entry_sentries_behind_glass], layout_rooms,
          special_room [special_room_orc]
Elf:3:    minmay_elf_hall_circle, layout_gridlike, enter_trove_0, basic_altar,
          serial_shops, shop, hangedman_summoners_spam
Vaults:1: serial_library_regret_index_small_wings, v_misc_11,
          vaults_mumra_minichess, nicolae_vaults_octothorpe, v_alt_pattern_6,
          vaults_mumra_hex, nicolae_vaults_yaktaur_gun_rack, vaults_dpeg_ring,
          hangedman_vaults_trim, nicolae_vaults_little_squares_2,
          special_room_vaults [special_room_orc], layout_vaults_ring,
          uniq_norris
Vaults:2: minmay_crypt_entry_skeletal_spiral,
          nicolae_vaults_taking_the_gang_shopping,
          nicolae_vaults_bisected_exclaves, nicolae_vaults_what_the_h,
          ontoclasm_vaults_pinch, v_misc_30, v_rooms_4,
          ontoclasm_vaults_decontamination, nicolae_vaults_closet_pinwheel_4,
          nicolae_vaults_prndl, vaults_room_hallway,
          nicolae_vaults_little_squares_4, layout_vaults_omnigrid, serial_shops,
          shop
Vaults:3: nicolae_vaults_closet_pinwheel_6, nicolae_vaults_shrinking_rooms_2,
          v_alt_pattern_1, nicolae_vaults_puzzle_piece,
          vaults_standard_mumra_enter_the_diamond,
          nicolae_vaults_little_squares_5, layout_vaults_chaotic_city,
          serial_shops, nicolae_shop_tiny_glass, uniq_sojobo
Vaults:4: nicolae_vaults_mini_display_case,
          nicolae_vaults_shipping_containers_4,
          nicolae_vaults_variable_pillar_hall, nicolae_vaults_little_squares_2,
          nicolae_vaults_network_barrier, v_rooms_6, nicolae_vaults_cochlea,
          vaults_room_pools, v_rooms_4, grunt_vaults_funnel,
          nicolae_vaults_house_3, vaults_room_stairs_pillars,
          vaults_dpeg_diagonal, nicolae_vaults_diagonal_hallway_7,
          vaults_mumra_minichess_inversion, ontoclasm_vaults_misaligned,
          nicolae_vaults_little_squares_5, layout_vaults_omnicross,
          serial_shops, bzr_entry_safe
Vaults:5: serial_shops
Depths:1: layout_roguey, hellmouth_3, minmay_misc_feat_tower,
          nicolae_gozag_cash_rules_everything_around_me
Depths:2: dreamdust_experimentation, layout_basic, hex_intersection,
          grunt_pan_entry_in_and_out, grunt_hell_entry_dis_old, serial_shops,
          nicolae_shop_rolling_square, nicolae_shop_i_like_big_books,
          uniq_enchantress
Depths:3: wad_lake_hut, layout_gridlike, enter_ziggurat_f, hell_entry,
          abyss_entry
Depths:4: evilmike_zot_entry_argh, layout_cave_pools, hellmouth_1,
          abyss_entry_crystal, glass_columns_b
Zot:1:    layout_misc_corridors, zot_minivault_7
Zot:2:    layout_cellular_growth
Zot:3:    layout_gridville, uniq_vv
Zot:4:    layout_misc_corridors, grunt_megastairs_3
Zot:5:    layout_misc_corridors

Skill      XL: |  1  2  3  4  5  6  7  8  9 10 11 12 13 14 15 16 17 18 19 20 21 22 23 24 |
---------------+-------------------------------------------------------------------------+-----
Stealth        | 2 3 4 5 10 14 | 14.9
Dodging        | 4 5 6 8 10 12 13 14 | 14.9
Unarmed Combat | 5 6 9 11 14 | 14.9
Spellcasting   | 1 3 5 6 7 8 9 10 11 14 | 14.9
Conjurations   | 1 5 6 7 8 9 11 13 14 | 14.9
Fighting       | 4 6 7 8 10 12 13 14 | 14.9
Hexes          | 3 7 9 12 14 | 14.9
Evocations     | 2 5 8 10 14 | 14.9
Air Magic      | 1 4 6 7 10 11 13 14 | 14.9
Ice Magic      | 4 5 9 13 | 13.1
Translocations | 6 11 14 | 14.9
Shapeshifting  | 6 14 | 14.9
Summonings     | 11 14 | 14.9

Action                     |  1- 3 |  4- 6 |  7- 9 | 10-12 | 13-15 | 16-18 | 19-21 | 22-24 || total
---------------------------+-------+-------+-------+-------+-------+-------+-------+-------++-------
  Melee: Unarmed           |    82 |   231 |    58 |   201 |   385 |   111 |  1120 |  1179 ||  3367
         Bite              |     9 |    22 |     5 |    34 |    92 |    21 |   221 |   232 ||   636
         Punch             |     3 |     7 |     1 |    13 |    19 |     8 |   129 |   186 ||   366
   Cast: Magic Dart        |       |    13 |    62 |   103 |    49 |     7 |       |       ||   234
         Searing Ray       |       |     2 |    49 |   143 |    16 |     1 |     1 |       ||   212
         Fulminant Prism   |       |       |    12 |    57 |    43 |    25 |    14 |       ||   151
         Freezing Cloud    |       |       |       |     7 |    31 |   210 |    37 |     7 ||   292
         Hailstorm         |       |       |       |       |   227 |   323 |    70 |       ||   620
         Arcjolt           |       |       |       |       |   251 |   244 |   116 |    73 ||   684
         Cause Fear        |       |       |       |       |       |     2 |       |       ||     2
         Blink             |       |       |       |       |       |     1 |     2 |     1 ||     4
         Vhi's Electric Ch |       |       |       |       |       |       |   105 |    90 ||   195
         Apportation       |       |       |       |       |       |       |       |     2 ||     2
         Lesser Beckoning  |       |       |       |       |       |       |       |     1 ||     1
  Evoke: Wand              |       |       |     6 |     3 |    13 |    28 |     5 |    31 ||    86
         Phantom mirror    |       |       |       |       |     1 |     3 |     2 |       ||     6
         Box of beasts     |       |       |       |       |     1 |     3 |       |     1 ||     5
         Condenser vane    |       |       |       |       |     1 |     1 |       |     1 ||     3
         Phial of floods   |       |       |       |       |       |     2 |     2 |       ||     4
         Lightning rod     |       |       |       |       |       |       |     6 |       ||     6
    Use: Potion            |     1 |     5 |     1 |     3 |     2 |     2 |       |    11 ||    25
         Scroll            |       |     7 |     1 |    11 |     7 |    13 |     3 |    16 ||    58
   Stab: Sleeping          |     3 |    12 |     5 |     3 |    12 |     8 |    37 |     8 ||    88
         Distracted        |       |       |     2 |       |       |       |     3 |     4 ||     9
         Invisible         |       |       |       |     3 |     2 |     1 |       |    12 ||    18
         Confused          |       |       |       |     3 |     3 |     1 |    12 |     6 ||    25
         Paralysed         |       |       |       |       |    11 |     6 |     2 |     5 ||    24
         Petrified         |       |       |       |       |     5 |       |     1 |       ||     6
 Armour: Skin              |    20 |    43 |    24 |   164 |   243 |   251 |   661 |   732 ||  2138
  Dodge: Dodged            |    55 |   219 |    85 |   643 |  1054 |   699 |  2120 |  2685 ||  7560
   Form: Statue            |       |       |       |       |       |       |     1 |       ||     1

Table legend: (Time is in decaauts)
 A = Elapsed time spent in this place.
 B = Non-inter-level travel time spent in this place.
 C = Inter-level travel time spent in this place.
 D = Time resting spent in this place.
 E = Time spent auto-exploring this place.
 F = Levels seen in this place.
 G = Mean time per level.
                   A        B        C        D        E       F      G
               +--------+--------+--------+--------+--------+-----+--------+
         Total |  73343 |  66575 |   6768 |  15080 |  34621 |  49 | 1496.8 |
       Dungeon |  22982 |  20189 |   2793 |   5249 |  10073 |  15 | 1532.1 |
          Lair |   9424 |   8620 |    804 |   2861 |   3694 |   5 | 1884.8 |
        Shoals |   4880 |   4739 |    141 |   1243 |   2260 |   4 | 1220.0 |
     Snake Pit |   6515 |   5935 |    580 |   2071 |   2649 |   4 | 1628.8 |
  Orcish Mines |   2236 |   2001 |    235 |    424 |   1025 |   2 | 1118.0 |
   Elven Halls |   5584 |   5214 |    370 |   1401 |   2034 |   3 | 1861.3 |
        Vaults |  12808 |  11773 |   1035 |    847 |   8099 |   5 | 2561.6 |
        Depths |   7118 |   6557 |    561 |    646 |   4371 |   4 | 1779.5 |
           Zot |   1503 |   1257 |    246 |    334 |    277 |   5 |  300.6 |
        Bazaar |    185 |    185 |      0 |      0 |    136 |   1 |  185.0 |
         Trove |    103 |    103 |      0 |      0 |      0 |   1 |  103.0 |
               +--------+--------+--------+--------+--------+-----+--------+

Top non-repeatable levels by time:
Vaults:2: 3634 daAuts
  Lair:1: 2772 daAuts
Vaults:5: 2703 daAuts
     D:9: 2611 daAuts
Vaults:3: 2374 daAuts
 Snake:3: 2306 daAuts
Vaults:1: 2100 daAuts
  Lair:5: 2026 daAuts
   Elf:1: 2004 daAuts
Vaults:4: 1995 daAuts
     D:8: 1984 daAuts
  Lair:3: 1919 daAuts
     D:7: 1913 daAuts
Depths:3: 1911 daAuts
   Elf:3: 1889 daAuts

Table legend:
 A = Kills in this place as a percentage of kills in the entire game.
 B = Kills by you in this place as a percentage of kills by you in the entire game.
 C = Kills by friends in this place as a percentage of kills by friends in the entire game.
 D = Other kills in this place as a percentage of other kills in the entire game.
 E = Experience gained in this place as a percentage of experience gained in the entire game.
 F = Experience gained in this place divided by the number of levels of this place that you have seen.
                   A       B       C       D       E      F
               +-------+-------+-------+-------+-------+----------------------
         Total | 100.0 | 100.0 | 100.0 | 100.0 | 100.0 | 21773.3
       Dungeon |  23.8 |  23.7 |  32.1 |  25.0 |  10.3 | 7357.3
          Lair |  10.9 |  11.0 |   7.1 |   6.2 |   5.8 | 12360.2
        Shoals |   8.1 |   7.7 |  35.7 |  12.5 |   8.6 | 22851.8
     Snake Pit |   8.5 |   8.7 |   0.0 |   0.0 |   9.6 | 25496.8
  Orcish Mines |   7.0 |   7.1 |   3.6 |   6.2 |   1.7 | 9295.5
   Elven Halls |   8.5 |   8.6 |   7.1 |   0.0 |  11.3 | 40054.0
        Vaults |  18.9 |  19.1 |   3.6 |  25.0 |  28.1 | 59897.6
        Depths |  11.3 |  11.2 |  10.7 |  12.5 |  17.8 | 47608.8
           Zot |   3.0 |   3.0 |   0.0 |  12.5 |   6.8 | 14531.8
               +-------+-------+-------+-------+-------+----------------------
